 Dungeon Crawl Stone Soup version 0.30.1-11-g7821555f0a (webtiles) character file.

Game seed: 1324180489396004341

803591 Nonny the Intangible (level 27, -18/266 HPs)
             Began as a Merfolk Gladiator on Dec 4, 2023.
             Was the Champion of Dithmenos.
             Killed from afar by a wendigo (31 damage)
             ... with a seracfall
             ... on level 7 of Cocytus on Dec 5, 2023.
             The game lasted 07:53:16 (90992 turns).

Nonny the Intangible (Merfolk Gladiator)           Turns: 90992, Time: 07:53:16

Health: -18/266    AC: 22    Str: 15      XL:     27
Magic:  24/24      EV: 76    Int:  7 (8)  God:    Dithmenos [******]
Gold:   5540       SH: 16    Dex: 42      Spells: 17/26 levels left

rFire   . . .        c - +5 falchion of Darkness {heavy, rPois Dex+8 Stlth+}
rCold   + . .        Z - +4 buckler of Wariness {Drain rElec rF+ Regen+}
rNeg    + + .        u - +1 ring mail "Deit Zeepigi" {Rampage rPois rN++ Int-2}
rPois   +            C - +0 helmet "Monom" {Dex+4 SInv}
rElec   +            y - scarf {shadows}
rCorr   .            n - +2 pair of gloves
SInv    +            A - melded +2 pair of boots of the Unseen Realm {rN+}
Will    ++...        B - amulet of Psychosis {Acrobat rF- rC+ Regen+ SInv} Stlth #####*****
                     w - ring of the Tortoise {AC+8}
HPRegen 2.24/turn    S - ring "Oppyuch" {+Blink Dex+4 Slay+4 Stlth+}
MPRegen 0.19/turn

%: acrobat, rampage
@: about to teleport, acrobatic, wreathed by umbra, studying 2 skills, unable to
drink, very quick
A: nimble swimmer 2, mertail, deterioration 1, low MP 1, robust 1
}: 7/15 runes: barnacled, slimy, silver, abyssal, magical, dark, gossamer
a: Renounce Religion, Evoke Blink, Shadow Step, Shadow Form


You were on level 7 of Cocytus.
You worshipped Dithmenos.
Dithmenos was exalted by your worship.
You visited 14 branches of the dungeon, and saw 64 of its levels.
You visited Pandemonium 4 times, and saw 13 of its levels.
You visited the Abyss 5 times.
You visited 3 bazaars.
You also visited: Trove, Sewer and Ice Cave.

You collected 11990 gold pieces.
You spent 6450 gold pieces at shops.

Inventory:

Hand Weapons
 c - the +5 falchion of Darkness (weapon) {heavy, rPois Dex+8 Stlth+}
   (You took it off a demonspawn corrupter in Pandemonium)

   Dex:       It affects your dexterity (+8).
   rPois:     It protects you from poison.
   Stlth:     It makes you more stealthy.
 Q - the +9 rapier of Raifogix {antimagic, rElec rC+++ Will+ Dex-3}
   (You found it on level 4 of the Lair of Beasts)

   Dex:       It affects your dexterity (-3).
   rC:        It renders you almost immune to cold.
   rElec:     It insulates you from electricity.
   Will:      It increases your willpower.
Missiles
 f - 15 silver javelins
 r - 15 javelins
 v - 46 boomerangs (quivered)
 G - 5 datura-tipped darts
 V - 8 silver boomerangs
 X - 19 curare-tipped darts
Armour
 n - a +2 pair of gloves (worn)
 u - the +1 ring mail "Deit Zeepigi" (worn) {Rampage rPois rN++ Int-2}
   (You found it on level 2 of the Shoals)

   Int:       It affects your intelligence (-2).
   rPois:     It protects you from poison.
   rN:        It greatly protects you from negative energy.
   Rampage:   It bestows one free step when moving towards enemies.
 y - a scarf of shadows (worn)
 A - the +2 pair of boots of the Unseen Realm (melded) {rN+}
   (You found it in a treasure trove)

   rN:        It protects you from negative energy.
 C - the +0 helmet "Monom" (worn) {Dex+4 SInv}
   (You found it in Pandemonium)

   Dex:       It affects your dexterity (+4).
   SInv:      It lets you see invisible.
 Z - the +4 buckler of Wariness (worn) {Drain rElec rF+ Regen+}
   (You acquired it on level 11 of the Dungeon)

   rF:        It protects you from fire.
   rElec:     It insulates you from electricity.
   Regen:     It increases your rate of health regeneration.
   Drain:     It drains your maximum health when unequipped.
Jewellery
 w - the ring of the Tortoise (left hand) {AC+8}
   (You found it on level 5 of the Pits of Slime)

   [ring of protection]

   AC:        It affects your AC (+8).
 B - the amulet of Psychosis (around neck) {Acrobat rF- rC+ Regen+ SInv}
   (You found it in a treasure trove)

   [amulet of the acrobat]

   It increases your evasion while moving and waiting.
   rF:        It makes you vulnerable to fire.
   rC:        It protects you from cold.
   SInv:      It lets you see invisible.
   Regen:     It increases your rate of health regeneration.
 D - a ring of protection from fire
 K - the ring of the Verdant God {rPois rF+ rCorr Str+3}
   (You bought it in a shop on level 1 of the Depths)

   [ring of resist corrosion]

   Str:       It affects your strength (+3).
   rF:        It protects you from fire.
   rPois:     It protects you from poison.
   rCorr:     It protects you from acid and corrosion.
 M - a ring of willpower
 O - the ring of Ozuxoom {rN+ Will+}
   (You bought it in a shop on level 2 of the Depths)

   [ring of positive energy]

   rN:        It protects you from negative energy.
   Will:      It increases your willpower.
 S - the ring "Oppyuch" (right hand) {+Blink Dex+4 Slay+4 Stlth+}
   (You found it on level 5 of the Lair of Beasts)

   [ring of slaying]

   Dex:       It affects your dexterity (+4).
   Slay:      It affects your accuracy & damage with ranged weapons and melee
   (+4).
   +Blink:    It lets you blink.
   Stlth:     It makes you more stealthy.
Wands
 a - a wand of acid (62)
 e - a wand of iceblast (82)
 k - a wand of polymorph (42)
 m - a wand of mindburst (74)
 q - a wand of charming (76)
 t - a wand of flame (88)
 E - a wand of digging (18)
Scrolls
 g - 6 scrolls of teleportation
 h - 12 scrolls of immolation
 i - a scroll of fog
 p - 3 scrolls of silence
 H - a scroll of butterflies
 I - 7 scrolls of fear
 T - 6 scrolls of blinking
 U - 6 scrolls of poison
Potions
 d - 4 potions of haste
 j - 15 potions of flight
 l - 4 potions of invisibility
 o - 11 potions of curing
 s - a potion of cancellation
 x - 9 potions of mutation
 F - 4 potions of might
 W - 9 potions of magic
 Y - a potion of resistance
Miscellaneous
 b - a lightning rod (4/4)
 L - a tin of tremorstones (2/2)
 N - a box of beasts
 P - a phial of floods
 R - a phantom mirror


   Skills:
 + Level 25.5 Fighting
 + Level 18.4(22.9) Short Blades
 - Level 22.7(25.0) Long Blades
 * Level 15.8 Throwing
 - Level 13.0 Armour
 O Level 27 Dodging
 - Level 24.7 Stealth
 - Level 15.0 Shields
 * Level 14.7 Translocations
 - Level 6.0 Invocations
 - Level 15.0 Evocations


You had 17 spell levels left.
You knew the following spells:

 Your Spells              Type           Power      Damage    Failure   Level
a - Blink                 Tloc           40%        N/A       1%          2
b - Teleport Other        Tloc           20%        N/A       1%          3
c - Manifold Assault      Tloc           20%        N/A       1%          4

Your spell library contained the following spells:

 Spells                   Type           Power      Damage    Failure   Level
 Apportation              Tloc           40%        N/A       1%          1
 Lesser Beckoning         Tloc           40%        N/A       1%          2
 Gell's Gravitas          Tloc           20%        N/A       1%          3
 Momentum Strike          Conj/Tloc      20%        3d8       6%          2
 Portal Projectile        Hex/Tloc       20%        N/A       13%         3
 Vhi's Electric Charge    Tloc/Air       20%        N/A       13%         3
 Volatile Blastmotes      Fire/Tloc      20%        2d11      13%         3
 Dispersal                Tloc           10%        N/A       32%         6
 Iskenderun's Mystic Bla  Conj/Tloc      10%        2d4       38%         4
 Beastly Appendage        Tmut           0%         N/A       65%         1
 Magic Dart               Conj           0%         1d3       65%         1
 Necrotise                Necr           0%         1d4       65%         1
 Summon Small Mammal      Summ           0%         N/A       65%         1
 Summon Forest            Summ/Tloc      5%         N/A       75%         5
 Cigotuvi's Dreadful Rot  Necr/Pois/Air  0%         N/A       78%         2
 Ensorcelled Hibernation  Hex/Ice        0%         N/A       78%         2
 Poisonous Vapours        Pois/Air       0%         N/A       78%         2
 Searing Ray              Conj           0%         2d4       78%         2
 Static Discharge         Conj/Air       0%         2-2/arc   78%         2
 Wereblood                Tmut           0%         N/A       78%         2
 Dazzling Flash           Conj/Hex       0%         N/A       95%         3
 Frozen Ramparts          Ice            0%         1d1       95%         3
 Hailstorm                Conj/Ice       0%         3d3       95%         3
 Inner Flame              Hex/Fire       0%         N/A       95%         3
 Mephitic Cloud           Conj/Pois/Air  0%         N/A       95%         3
 Ozocubu's Armour         Ice            0%         N/A       95%         3
 Spider Form              Tmut/Pois      0%         N/A       95%         3
 Stone Arrow              Conj/Erth      0%         3d7       95%         3
 Summon Guardian Golem    Hex/Summ       0%         N/A       95%         3
 Swiftness                Air            0%         N/A       95%         3
 Tukima's Dance           Hex            0%         N/A       95%         3
 Vampiric Draining        Necr           0%         2d6       95%         3
 Airstrike                Air            0%         2d(0-16)  100%        4
 Anguish                  Hex/Necr       0%         N/A       100%        4
 Animate Dead             Necr           0%         N/A       100%        4
 Cause Fear               Hex            0%         N/A       100%        4
 Flame Wave               Conj/Fire      0%         2d4       100%        4
 Fulminant Prism          Conj/Hex       0%         3d5       100%        4
 Ice Form                 Ice/Tmut       0%         N/A       100%        4
 Leda's Liquefaction      Hex/Erth       0%         N/A       100%        4
 Olgreb's Toxic Radiance  Pois           0%         N/A       100%        4
 Petrify                  Tmut/Erth      0%         N/A       100%        4
 Sticky Flame             Conj/Fire      0%         2d3       100%        4
 Summon Ice Beast         Ice/Summ       0%         N/A       100%        4
 Summon Lightning Spire   Summ/Air       0%         N/A       100%        4
 Agony                    Necr           0%         N/A       100%        5
 Arcjolt                  Conj/Air       0%         1d10      100%        5
 Blade Hands              Tmut           0%         N/A       100%        5
 Borgnjor's Vile Clutch   Necr/Erth      0%         N/A       100%        5
 Lee's Rapid Deconstruct  Erth           0%         3d4*      100%        5
 Metabolic Englaciation   Hex/Ice        0%         N/A       100%        5
 Silence                  Hex/Air        0%         N/A       100%        5
 Summon Mana Viper        Hex/Summ       0%         N/A       100%        5
 Yara's Violent Unravell  Hex/Tmut       0%         3d3       100%        5
 Conjure Ball Lightning   Conj/Air       0%         3x3d6     100%        6
 Death Channel            Necr           0%         N/A       100%        6
 Iron Shot                Conj/Erth      0%         9d1       100%        6
 Plasma Beam              Fire/Air       0%         2x1d11    100%        6
 Simulacrum               Ice/Necr       0%         N/A       100%        6
 Statue Form              Tmut/Erth      0%         N/A       100%        6
 Summon Cactus Giant      Summ           0%         N/A       100%        6
 Enfeeble                 Hex            0%         N/A       100%        7
 Haunt                    Necr/Summ      0%         N/A       100%        7
 Monstrous Menagerie      Summ           0%         N/A       100%        7
 Orb of Destruction       Conj           0%         9d5       100%        7
 Ozocubu's Refrigeration  Ice            0%         4d7       100%        7
 Spellforged Servitor     Conj/Summ      0%         N/A       100%        7
 Storm Form               Tmut/Air       0%         N/A       100%        7
 Borgnjor's Revivificati  Necr           0%         N/A       100%        8
 Discord                  Hex            0%         N/A       100%        8
 Ignition                 Fire           0%         3d3       100%        8
 Lehudib's Crystal Spear  Conj/Erth      0%         10d2      100%        8
 Maxwell's Capacitive Co  Air            0%         ∞         100%        8
 Necromutation            Tmut/Necr      0%         N/A       100%        8
 Death's Door             Necr           0%         N/A       100%        9
 Polar Vortex             Ice            0%         N/A       100%        9


Dungeon Overview and Level Annotations

Branches:
Dungeon (15/15)            Temple (1/1) D:5            Lair (5/5) D:8
 Shoals (4/4) Lair:3       Spider (4/4) Lair:2        Slime (5/5) Lair:5
    Orc (2/2) D:12            Elf (3/3) Orc:2        Vaults (5/5) D:14
  Crypt (3/3) Vaults:3       Tomb (0/3) Crypt:3      Depths (4/4) D:15
   Hell (visited)             Dis (0/7) Hell            Geh (0/7) Hell
    Coc (7/7) Hell            Tar (0/7) Hell            Zot (5/5) Depths:4
  Sewer (visited)           IceCv (visited)

Altars:
Ashenzari
Cheibriados
Dithmenos
Elyvilon
Fedhas
Gozag
Hepliaklqana
Kikubaaqudgha
Makhleb
Nemelex Xobeh
Okawaru
Qazlal
Ru
Sif Muna
Trog
Uskayaw
Vehumet
Wu Jian
Xom
Yredelemnul
Zin
The Shining One
Lugonu

Shops:
D:5 =(   D:9 (   Orc:2 *(([   Elf:2 ?   Elf:3 (   Depths:1 ::=   Depths:2 =

Portals:
Hell: Depths:1 Depths:2 Depths:3 Depths:4
Abyss: Slime:4 Depths:1 Depths:2 Depths:3
Pandemonium: Depths:1 Depths:2
Ziggurat: Depths:4


Innate Abilities, Weirdness & Mutations

You are very nimble when in or above water. (Stealth+, EV+, Speed+++)
Your lower body shifts to a powerful aquatic tail in water.
Your body sometimes deteriorates upon taking damage.
Your magical capacity is low. (-10% MP)
You are robust. (+10% HP)


Message History

You slice the elemental wellspring!!
You destroy the elemental wellspring!
Dithmenos accepts your kill.
The water elemental disappears in a puff of smoke! x3
You start resting.
A shard shrike simulacrum comes into view.
An Ice Fiend comes into view.
An Ice Fiend is nearby!
The Ice Fiend calls on the powers of darkness!
Your body is wracked with pain!
Your body deteriorates!
You feel dopey.
The Ice Fiend calls on the powers of darkness!
Your body is wracked with pain!
* * * LOW HITPOINT WARNING * * *
An Ice Fiend comes into view.
The Ice Fiend roars!
You hear a screech!
You hear a roar!
An Ice Fiend comes into view.
As you read the scroll of teleportation, it crumbles to dust.
You feel strangely unstable.
The shard shrike simulacrum completely misses you.
The Ice Fiend calls on the powers of darkness!
Your body is wracked with pain!
* * * LOW HITPOINT WARNING * * *
The shard shrike simulacrum completely misses you.
It's too cold; everything's frozen solid!
Unknown command.
The wendigo gestures.
The shard shrike simulacrum collapses into a mass of ice!
The mass of ice explodes!
The seracfall engulfs you!! You partially resist.
* * * LOW HITPOINT WARNING * * *
You hear a screech! x2
The Ice Fiend gestures at you. The bolt of cold misses you.
Unknown command.
Okay, then.
Unknown command.
The wendigo gestures.
The juggernaut simulacrum collapses into a mass of ice!
The mass of ice explodes!
The seracfall engulfs you!! You partially resist.
You die...

###########################******
≈≈≈≈≈≈≈≈≈≈≈≈≈≈≈≈°°°°°1≈≈≈≈≈~~~~~~
≈≈≈≈≈≈≈≈≈≈≈≈≈≈≈≈@≈≈Z≈≈≈≈≈≈≈~~~~~~
≈≈≈≈≈≈≈≈≈≈≈≈≈≈≈1≈≈≈≈≈≈≈≈1≈≈~~~~~~
≈≈≈≈≈≈≈≈≈≈≈≈≈≈≈≈≈≈≈≈≈≈≈≈≈≈≈~~~~~~
≈≈≈≈≈≈≈≈≈≈≈≈≈≈≈≈≈≈≈≈≈≈≈≈≈≈≈~~~,,,
≈≈≈≈≈≈≈≈≈≈≈≈≈≈≈≈≈≈≈≈≈≈≈≈≈≈≈~,,,,,
≈≈≈≈≈≈≈≈≈≈≈≈≈≈≈≈≈≈≈.R.○....,,,,**
...≈≈≈≈≈≈≈≈≈≈≈≈..........##***+**
.≈≈≈≈≈≈E≈≈≈...........,,,,**,,,,,
≈≈≈≈≈≈≈≈Z≈≈≈Z≈~~~~~,,,,,,,,**,,,,


You could see 2 Ice Fiends, a wendigo and a shard shrike simulacrum.

Vanquished Creatures
  the Royal Jelly (Slime:5)
  Ignacio (Pan)
  2 dread liches
  2 ancient liches (Vaults:5)
  An orb of fire (Zot:4)
  Mennas (Vaults:4)
  Mara (Spider:3)
  2 juggernauts (Depths:3)
  Boris (4 times) (Vaults:4 Depths:3 Vaults:3 Crypt:2)
  Sojobo (Vaults:4)
  Bai Suzhen (Shoals:2)
  4 shard shrikes
  Saint Roka (Depths:1)
  2 Killer Klowns
  2 caustic shrikes
  A curse toe (Zot:1)
  Geryon (Hell)
  15 golden dragons
  3 doom hounds (Crypt:2)
  5 bone dragons (Abyss:4)
  Arachne (Spider:3)
  3 pandemonium lords (Pan)
  4 electric golems
  2 Brimstone Fiends (Pan)
  3 Tzitzimimeh (Pan)
  5 Hell Sentinels
  A walking earthen tome (Depths:3)
  A walking crystal tome (Depths:3)
  19 tentacled monstrosities
  7 liches
  8 Ice Fiends
  2 deep elf blademasters (Elf:3)
  7 Orb Guardians (Zot:5)
  An acid blob (shapeshifter) (Vaults:5)
  11 quicksilver dragons
  2 deep elf master archers (Elf:3)
  17 titans
  11 death cobs
  14 acid blobs
  Polyphemus (Shoals:3)
  17 Executioners (Pan)
  12 sphinxes
  6 tentacled starspawn (Abyss:4)
  The ghost of Angrytalen2 the Warrior, an adept MiGl of Hepliaklqana (Spider:2)
  5 ancient champions
  7 tengu reavers
  11 shadow dragons
  8 revenants
  2 demonspawn warmongers (Pan)
  10 rockslimes
  15 azure jellies
  4 draconian monks
  18 storm dragons
  Roxanne (Shoals:1)
  7 deep elf sorcerers
  15 frost giants
  4 draconian knights
  15 vault wardens
  5 shard shrike simulacra
  8 narguns
  12 emperor scorpions
  12 fire giants
  5 iron dragons
  12 ghost moths
  A juggernaut zombie (Crypt:3)
  Louise (Shoals:4)
  8 balrugs (Pan)
  3 spectral juggernauts (Crypt:3)
  2 spectral caustic shrikes (Crypt:3)
  5 draconian scorchers
  Aizul (Vaults:4)
  17 ironbound preservers
  6 draconian shifters
  The ghost of octoduck the Force of Nature, a journeyman DsMo of Fedhas (Shoals:1)
  4 cacodemons (Pan)
  2 orc warlords
  3 deep elf elementalists (Elf:3)
  4 ghouls (Crypt:3)
  2 angels (Abyss:4)
  2 draconian stormcallers
  3 broodmothers
  8 curse skulls
  2 demonspawn corrupters (Pan)
  A spriggan defender (Depths:2)
  2 demonspawn blood saints (Pan)
  24 stone giants
  A draconian annihilator (Pan)
  5 reapers
  7 quicksilver oozes
  3 green draconians
  2 ophanim (Abyss:4)
  16 vampire knights
  19 very ugly things
  7 deep elf demonologists
  15 elemental wellsprings
  7 wendigos
  9 ironbound thunderhulks
  3 demonspawn black suns (Pan)
  8 white draconians
  9 deep elf annihilators
  9 spark wasps
  11 black draconians
  2 lorocyprocas (Pan)
  9 red draconians
  7 purple draconians
  2 spectral titans (Crypt:3)
  7 yellow draconians
  A bunyip (Abyss:4)
  4 dire elephants (Vaults:1)
  11 eidola
  12 deep elf death magi
  2 merfolk javelineers (Depths:3)
  5 spectral quicksilver dragons (Crypt:3)
  6 blizzard demons (Pan)
  A crystal guardian (Hell)
  5 green deaths (Pan)
  Josephine (Lair:4)
  6 deep elf high priests
  4 jiangshi (Crypt:2)
  4 merfolk impalers
  15 ettins
  13 yaktaur captains
  6 fire dragons
  6 great orbs of eyes
  7 entropy weavers
  A spriggan zombie (Abyss:4)
  9 hydras
  6 spectral spriggans (Crypt:3)
  12 spriggan air magi
  A hell beast (Pan)
  4 ogre magi
  32 vault guards
  7 rakshasas
  5 ice dragons
  2 quicksilver dragon skeletons (Crypt:3)
  A peacekeeper (Vaults:4)
  6 juggernaut simulacra
  A radroach (shapeshifter) (Depths:1)
  Erolcha (D:13)
  12 ironbound frosthearts
  2 jorogumos
  A spectral stone giant (Crypt:3)
  A two-headed ogre (shapeshifter) (Vaults:5)
  6 caustic shrike simulacra
  4 radroaches
  An alligator snapping turtle (Shoals:4)
  A merfolk avatar (Shoals:3)
  3 spriggan skeletons
  5 boulder beetles
  2 death knights (Crypt:1)
  7 deep troll shamans
  16 centaur warriors
  2 tengu warriors
  10 two-headed ogres
  4 merfolk aquamancers
  21 satyrs
  14 death yaks
  Erica (D:8)
  16 dancing weapons
  3 death scarabs
  12 deep troll earth magi
  18 hell hogs
  11 spriggan berserkers
  3 spectral nagas (Crypt:3)
  6 thrashing horrors
  2 spectral storm dragons (Crypt:3)
  8 vampire magi
  23 hell knights
  2 crystal echidnas (Depths:1)
  13 deep elf knights
  16 iron trolls
  A spriggan (Depths:4)
  26 soul eaters
  2 skysharks
  11 shadow wraiths
  44 sun demons
  2 spatial maelstroms (Abyss:4)
  A goliath frog (Lair:5)
  11 sixfirhies
  3 wretched stars (Abyss:4)
  5 sea snakes
  6 pharaoh ants
  54 deep trolls
  3 glowing orange brains
  7 quicksilver dragon simulacra
  32 skeletal warriors
  2 cherubim (Abyss:4)
  An orb spider (shapeshifter) (Vaults:5)
  A sun moth (Spider:1)
  A spectral anaconda (Crypt:3)
  3 orange crystal statues
  9 orb spiders
  7 shadow demons
  A bunyip zombie (Crypt:3)
  9 steelbarb worms
  The ghost of rundlesten the Sneak, a novice OpHW of Gozag (D:8)
  9 wizards
  Pikel (D:5)
  14 lindwurms
  20 ironbound convokers
  An anaconda skeleton (Crypt:3)
  15 flayed ghosts
  23 deep elf pyromancers
  24 deep elf zephyrmancers
  27 phantasmal warriors
  3 spriggan simulacra
  12 harpies
  5 orc knights
  2 human zombies
  A wolf spider (shapeshifter) (Vaults:3)
  23 wolf spiders
  9 deep elf archers
  A spectral ettin (Crypt:3)
  12 necromancers
  20 manticores
  A worldbinder (Abyss:4)
  4 shining eyes
  A spectral fire dragon (Crypt:3)
  A frost giant zombie (Vaults:2)
  24 ugly things
  9 elephants (Lair:3)
  36 moths of wrath
  6 cyclopes
  28 fauns
  3 spectral centaurs (Crypt:3)
  4 merfolk sirens
  2 rust devils
  42 smoke demons
  21 cane toads
  2 gargoyles
  16 demonic crawlers
  18 vault sentinels
  An eye of devastation (Slime:5)
  5 black mambas
  3 apocalypse crabs (Abyss:4)
  5 water nymphs
  A shock serpent zombie (Crypt:2)
  2 ice statues
  3 molten gargoyles
  An eye of devastation (shapeshifter) (D:15)
  A guardian serpent (shapeshifter) (Vaults:5)
  7 orange demons (Pan)
  6 torpor snails
  3 centaur skeletons (D:14)
  A stone giant skeleton (Crypt:1)
  An alligator snapping turtle skeleton (Crypt:1)
  Maggie (D:6)
  A purple draconian zombie (Crypt:2)
  3 titan simulacra
  A green draconian zombie (Crypt:2)
  A kobold demonologist (D:8)
  An unseen horror (D:12)
  A black draconian zombie (Crypt:3)
  6 hellions
  16 yaktaurs
  4 rime drakes
  4 sea snake zombies
  10 tormentors
  11 komodo dragons
  A black draconian skeleton (Crypt:1)
  19 freezing wraiths
  4 anaconda simulacra
  A human skeleton (Vaults:4)
  A pale draconian skeleton (Crypt:1)
  4 guardian mummies (Crypt:3)
  10 ice devils
  6 tengu conjurers
  3 ancient zymes (Abyss:4)
  5 red devils (Pan)
  An iron giant simulacrum (Coc:6)
  2 harpy zombies
  6 meliai
  14 merfolk
  8 polar bears
  A golden dragon simulacrum (Coc:6)
  A silent spectre (Vaults:1)
  11 wind drakes
  20 hellwings (Pan)
  2 harpy skeletons
  5 trolls
  13 raiju (Abyss:4)
  A hydra skeleton (Hell)
  2 hydra zombies (Hell)
  3 hornets
  14 snapping turtles
  17 tarantellas
  26 blink frogs
  15 dream sheep
  An iron dragon simulacrum (Coc:1)
  2 tyrant leeches (Lair:5)
  A snapping turtle (shapeshifter) (Vaults:5)
  100 slime creatures
  2 ettin skeletons
  32 jumping spiders
  2 meliai zombies (Crypt:3)
  2 vampires
  A shadow (D:10)
  4 stone giant simulacra
  2 dire elephant simulacra
  A flying skull (Abyss:4)
  47 yaks
  12 air elementals
  11 culicivoras
  15 wraiths
  9 ynoxinuls
  An alligator skeleton (Hell)
  An orc simulacrum (Crypt:3)
  18 water elementals
  A slime creature zombie (Crypt:2)
  2 wyverns (Lair:4)
  3 fire elementals
  5 basilisks
  9 chaos spawn
  An alligator snapping turtle simulacrum (Crypt:3)
  Eustachio (D:5)
  8 golden eyes
  66 redbacks
  A spatial vortex (Abyss:4)
  3 wargs
  Menkaure (D:7)
  Edmund (D:4)
  6 neqoxecs
  5 vampire mosquitoes (Lair:5)
  A human simulacrum (Vaults:4)
  A faun zombie (Crypt:3)
  29 large abominations
  An acid dragon (D:11)
  14 harpy simulacra
  2 hell hounds (Hell)
  3 hydra simulacra
  17 water moccasins
  2 floating eyes
  A deep troll skeleton (Crypt:1)
  41 orc warriors
  3 ettin simulacra
  An ice beast (D:7)
  4 black bears
  8 small abominations (Abyss:4)
  14 ogres
  32 wolves
  A hog zombie (Crypt:2)
  14 centaurs
  14 kobold brigands
  3 scorpions
  2 earth elementals (Elf:1)
  17 bullfrogs
  A necrophage (Crypt:3)
  3 naga simulacra
  2 gnoll sergeants
  6 wights (D:7)
  2 elephant simulacra (Lair:2)
  5 killer bees (D:7)
  A raiju skeleton (Crypt:3)
  A howler monkey (D:9)
  2 electric eels (Lair:5)
  A wolf skeleton (Crypt:1)
  4 jellies
  3 hounds
  A gnoll bouda (D:5)
  16 orc priests
  11 starcursed masses (Abyss:4)
  2 iron imps (Abyss:4)
  Ijyb (D:3)
  A sleepcap (D:7)
  Jessica (D:3)
  6 hell rats
  Terence (D:2)
  16 orc wizards
  An iguana (D:5)
  A boggart skeleton (D:14)
  A polar bear simulacrum (Lair:2)
  14 gnolls
  A gnoll (shapeshifter) (Vaults:2)
  18 river rats
  11 adders
  A shadow imp (D:6)
  4 white imps
  2 ufetubi
  A lava snake zombie (Crypt:1)
  4 worms
  5 dart slugs
  100 orcs
  7 ball pythons
  9 endoplasms
  5 giant cockroaches
  3 hobgoblins
  11 jackals
  12 kobolds
  11 quokkas
  15 bats
  5 frilled lizards
  3 goblins
  11 rats
  A rat skeleton (Crypt:3)
  5 lurking horrors
  3 starspawn tentacles (Abyss:4)
3039 creatures vanquished.

Vanquished Creatures (collateral kills)
  Gloorx Vloq (Pan)
  2 juggernauts
  Grunn (Crypt:2)
  A titan (Vaults:5)
  A hell hog (Hell)
  3 sun demons
  A frost giant zombie (Crypt:2)
  A hellion (Hell)
  A starcursed mass (Abyss:4)
12 creatures vanquished.

Vanquished Creatures (others)
  A dread lich (Vaults:5)
  A pandemonium lord (Pan)
  A golden dragon (Zot:5)
  A lich (Vaults:1)
  A titan (Vaults:1)
  A shard shrike simulacrum (Coc:7)
  2 demonspawn blood saints (Pan)
  A deep elf annihilator (Pan)
  A caustic shrike simulacrum (Coc:4)
  A hell beast (Pan)
  A juggernaut simulacrum (Coc:7)
  A sun demon (Pan)
  A glowing orange brain (Pan)
  2 spriggan simulacra
  2 wizards (Pan)
  A necromancer (Hell)
  2 moths of wrath (Vaults:1)
  A demonic crawler (Pan)
  2 smoke demons
  A vault sentinel (Vaults:3)
  A tengu conjurer (Depths:4)
  An anaconda simulacrum (Coc:5)
  A hellwing (Pan)
  A tarantella (Spider:4)
  A jumping spider (Spider:4)
  A water elemental (Shoals:3)
  A stone giant simulacrum (Coc:2)
  A ynoxinul (Abyss:4)
  A dire elephant simulacrum (Coc:2)
  A chaos spawn (Pan)
  A spatial vortex (Abyss:4)
  A hell hound (Hell)
  A boggart (Vaults:1)
  4 ball lightnings (Pan)
  A lurking horror (Abyss:4)
  20 starspawn tentacles (Abyss:4)
63 creatures vanquished.

Grand Total: 3114 creatures vanquished

Notes
Turn   | Place    | Note
-------+----------+-------------------------------------------
     0 | D:1      | Nonny the Merfolk Gladiator began the quest for the Orb.
     0 | D:1      | Reached XP level 1. HP: 16/16 MP: 1/1
    18 | D:1      | > It's a long way down to the Orb of Zot, but that
                  | shouldn't be any trouble.
    99 | D:1      | Reached XP level 2. HP: 22/22 MP: 2/2
   161 | D:1      | Reached skill level 1 in Stealth
   407 | D:1      | Puny D:1.
   614 | D:2      | Reached XP level 3. HP: 27/27 MP: 3/3
   618 | D:2      | Noticed Terence
   635 | D:2      | Killed Terence
   636 | D:2      | Nearly died to Terence. He had a haste potion!
  1114 | D:2      | Reached XP level 4. HP: 30/33 MP: 4/4
  1250 | D:2      | +2 buckler towards southwest
  1282 | D:1      | D:2 uphatch not viable for orbrun.
  1303 | D:2      | Reached skill level 5 in Long Blades
  1304 | D:2      | Lava vault in center of floor. Contains endoplasm, 3
                  | jackals, bat, and kobold.
  1596 | D:2      | Lava vault in southwest too.
  1925 | D:2      | Reached skill level 5 in Dodging
  2001 | D:3      | Noticed Ijyb
  2002 | D:3      | Ijyb has wand of iceblast (2).
  2173 | D:3      | Noticed a scorpion
  2182 | D:3      | Killed a scorpion
  2183 | D:3      | Reached XP level 5. HP: 38/38 MP: 5/5
  2206 | D:3      | Noticed Jessica
  2213 | D:3      | Killed Jessica
  2372 | D:4      | Reached XP level 6. HP: 44/44 MP: 6/6
  2452 | D:4      | Noticed Edmund
  2453 | D:4      | Edmund transformed me into a tree!
  2549 | D:4      | Killed Edmund
  2550 | D:4      | Reached skill level 1 in Shields
  2657 | D:3      | Noticed a water moccasin
  2975 | D:4      | Reached XP level 7. HP: 45/50 MP: 7/7
  3056 | D:4      | Reached skill level 6 in Dodging
  3056 | D:4      | Reached skill level 1 in Evocations
  3240 | D:5      | Entered Level 5 of the Dungeon
  3246 | D:5      | Noticed Eustachio
  3263 | D:5      | Killed Eustachio
  3268 | D:5      | +2 rapier of freezing on Eustachio
  3350 | D:5      | Found a staircase to the Ecumenical Temple.
  3361 | Temple   | Entered the Ecumenical Temple
  3474 | Temple   | Became a worshipper of Dithmenos the Shadowed
  3595 | D:5      | Found a glowing drain.
  3602 | Sewer    | Entered a sewer
  3801 | Sewer    | Reached * piety under Dithmenos
  3867 | Sewer    | +2 cloak
  4151 | D:5      | Reached XP level 8. HP: 57/57 MP: 8/8
  4425 | Temple   | Temple: grassy spade. No Fedhas yet.
  4496 | D:5      | Noticed Pikel
  4557 | D:5      | Killed Pikel
  4725 | D:5      | Reached skill level 10 in Long Blades
  4745 | D:5      | Found Puoxeuma's Weapon Boutique.
  4784 | D:5      | Identified the amulet "Baesirho" {Faith Int+5}
  4966 | D:5      | Found Koivez's Jewellery Emporium.
  5248 | D:3      | Killed Ijyb
  5261 | D:3      | Reached ** piety under Dithmenos
  5296 | D:3      | Killed a water moccasin
  5493 | D:5      | Reached XP level 9. HP: 53/66 MP: 9/9
  5549 | D:6      | Reached skill level 1 in Armour
  5703 | D:6      | Noticed Maggie
  5721 | D:6      | Killed Maggie
  5722 | D:6      | Reached skill level 5 in Fighting
  5732 | D:6      | FIRST OGRE KILL
  5781 | D:6      | Maggie has steam dragon scales.
  5853 | D:6      | Noticed a troll
  5871 | D:6      | Killed a troll
  5915 | D:6      | Troll guards +2 kite shield and book of wilderness in
                  | southwest.
  6511 | D:7      | Reached skill level 7 in Dodging
  6762 | D:7      | Reached *** piety under Dithmenos
  6776 | D:7      | 4chamber floor, but the southeast is partially flooded. :)
  6784 | D:7      | Reached skill level 5 in Stealth
  6967 | D:7      | Reached XP level 10. HP: 76/76 MP: 10/10
  7097 | D:7      | What is this little water vault called, anyway? It
                  | interrupted the northwestern chamber.
  7187 | D:7      | Noticed Menkaure
  7207 | D:7      | Killed Menkaure
  7521 | D:7      | Reached skill level 8 in Dodging
  7651 | D:8      | Found a runed translucent gate.
  7651 | D:8      | Found a runed translucent gate.
  7651 | D:8      | Found a runed translucent gate.
  7651 | D:8      | Noticed rundlesten's ghost (novice OpHW)
  7652 | D:8      | Noticed a kobold demonologist
  7688 | D:8      | Noticed a two-headed ogre
  7713 | D:8      | Two-headed ogre is in the north; bullfrog is nearby.
  7821 | D:8      | Noticed Erica
  7836 | D:8      | Found a staircase to the Lair.
  7882 | D:8      | Hornet near Lair entrance; Lair entrance in the west.
  7883 | D:8      | Paralysed by a hornet for 1 turns
  7890 | D:8      | Reached **** piety under Dithmenos
  8202 | D:8      | Killed Erica
  8232 | D:8      | Thanks for the +4 scimitar of flaming. B)
  8253 | D:8      | Reached skill level 5 in Shields
  8419 | D:8      | Killed a two-headed ogre
  8476 | D:9      | Found a transporter.
  8476 | D:9      | Found a transporter.
  8545 | D:9      | Found a transporter.
  8727 | D:9      | Found a transporter.
  8728 | D:9      | Found a transporter.
  8743 | D:9      | Transporters
  8976 | D:9      | Found Uneklaf's Antique Weapon Emporium.
  8985 | D:9      | 1959 gold for storm bow
  9376 | D:9      | Found a transporter.
  9786 | D:8      | Reached XP level 11. HP: 79/84 MP: 11/11
  9798 | Lair:1   | Entered Level 1 of the Lair of Beasts
 10283 | Lair:1   | Identified a scroll of acquirement
 10286 | Lair:1   | Acquired 1110 gold pieces
 10289 | Lair:1   | +2 demon whip of flaming in eastern Lair:1
 10488 | Lair:1   | This dude just wanted to nap!
 10971 | D:5      | Bought the ring "Geohurgh" {rPois rF- rN+ MP+9 SInv} for
                  | 456 gold pieces
 10971 | D:5      | Bought an amulet of regeneration for 420 gold pieces
 11068 | Lair:2   | Found a frozen archway.
 11107 | Lair:2   | Lots of wolves!
 11157 | IceCv    | Entered an ice cave
 11232 | IceCv    | Reached skill level 9 in Dodging
 11267 | IceCv    | Reached ***** piety under Dithmenos
 11477 | IceCv    | Reached XP level 12. HP: 94/94 MP: 12/12
 11599 | IceCv    | Noticed a death yak
 11599 | IceCv    | Noticed a death yak
 11600 | IceCv    | Noticed a death yak
 11651 | IceCv    | Killed a death yak
 11652 | IceCv    | Reached skill level 10 in Dodging
 11652 | IceCv    | Reached skill level 5 in Evocations
 11660 | IceCv    | Killed a death yak
 11673 | IceCv    | Killed a death yak
 11840 | IceCv    | Noticed an ironbound frostheart
 11840 | IceCv    | Noticed a death yak
 11840 | IceCv    | Noticed a death yak
 11840 | IceCv    | Noticed a death yak
 11840 | IceCv    | Noticed an ironbound frostheart
 11854 | IceCv    | Killed an ironbound frostheart
 11863 | IceCv    | Killed an ironbound frostheart
 11911 | IceCv    | Killed a death yak
 11924 | IceCv    | Killed a death yak
 11929 | IceCv    | Killed a death yak
 11934 | IceCv    | Reached skill level 10 in Shields
 11955 | IceCv    | Identified the ring of the Okapi {rPois rC+ Int+2 Dex-3
                  | Stlth+}
 11974 | IceCv    | phial of floods :)
 12115 | Lair:2   | Found a hole to the Spider Nest.
 12144 | Lair:2   | Reached skill level 10 in Fighting
 12789 | Lair:2   | Ice cave is in southeast quadrant, btw.
 12881 | Lair:3   | Reached XP level 13. HP: 104/104 MP: 13/13
 12995 | Lair:3   | Found a staircase to the Shoals.
 13079 | Lair:3   | Wind drake, manticore, and cane toad by western Shoals
                  | entrance.
 13237 | Lair:3   | Reached ****** piety under Dithmenos
 13521 | Lair:3   | RAT VAULT at center of floor.
 14120 | Lair:4   | Reached skill level 13 in Dodging
 14120 | Lair:4   | Reached XP level 14. HP: 113/113 MP: 14/14
 14121 | Lair:4   | POTION OF EXPERIENCE
 14169 | Lair:4   | Identified the +9 rapier of Raifogix {antimagic, rElec
                  | rC+++ Will+ Dex-3}
 14288 | Lair:4   | RAT VAULT IN SOUTHWEST QUADRANT
 14414 | Lair:4   | Reached skill level 1 in Invocations
 14637 | Lair:4   | Found a broken altar of Ashenzari.
 14857 | Lair:4   | Noticed Josephine
 14863 | Lair:4   | Killed Josephine
 15057 | Lair:5   | Entered Level 5 of the Lair of Beasts
 15252 | Lair:5   | goliath frog
 15545 | Lair:4   | Reached XP level 15. HP: 117/121 MP: 17/17
 15590 | Lair:5   | Found a staircase to the Slime Pits.
 15649 | Lair:4   | Reached skill level 5 in Armour
 15816 | Lair:5   | This is one froggy endvault...
 15841 | Lair:5   | Identified the ring "Oppyuch" {+Blink Dex+4 Slay+4 Stlth+}
 15852 | Lair:5   | Identified the +3 flail "Haeha" {flame, Fly rElec rC-
                  | Str-2}
 16102 | Lair:5   | Little lindwurm vault in southeast corner.
 16529 | Lair:5   | Identified the +7 sling "Opyorph" {antimagic, rC+}
 16796 | D:10     | Entered Level 10 of the Dungeon
 17260 | D:10     | Found a blossoming altar of Fedhas.
 18110 | D:11     | Noticed Sonja
 18113 | D:11     | Sonja changed into Sonja the golden eye
 18113 | D:11     | Noticed Sonja
 18114 | D:11     | Killed Sonja the golden eye
 18215 | D:11     | Found a glowing silver altar of Zin.
 18393 | D:12     | Found a portal to a secret trove of treasure.
 18438 | D:11     | Acquired the +4 buckler of Wariness {Drain rElec rF+
                  | Regen+}
 18488 | D:12     | lightning rod
 18603 | D:12     | Found a staircase to the Orcish Mines.
 18694 | D:12     | You fall into a shaft and drop 2 floors!
 18858 | D:14     | Reached skill level 15 in Shields
 19310 | Orc:1    | Entered Level 1 of the Orcish Mines
 19714 | Orc:2    | Entered Level 2 of the Orcish Mines
 19716 | Orc:2    | Found a staircase to the Elven Halls.
 19779 | Orc:2    | Reached XP level 16. HP: 129/132 MP: 18/18
 19940 | Orc:2    | Killed an orc warlord.
 19957 | Orc:2    | Orc warlord vault in southwest.
 20173 | Orc:2    | Centaur/Archer ending.
 20176 | Orc:2    | Found Icsyohi's Antique Weapon Emporium.
 20176 | Orc:2    | Found Byuduil's Antique Weapon Shop.
 20176 | Orc:2    | Found Ublecukh's Antique Armour Boutique.
 20211 | Orc:2    | Noticed Nessos
 20217 | Orc:2    | Nessos changed into Nessos the floating eye
 20217 | Orc:2    | Noticed Nessos
 20218 | Orc:2    | Killed Nessos the floating eye
 20219 | Orc:2    | Two uniques made into eyes...
 20239 | Orc:2    | Found Lizatask's Assorted Antiques.
 20243 | Orc:2    | Bought an encrusted scale mail for 243 gold pieces
 20243 | Orc:2    | Identified the +0 scale mail of the Sky {rC+ Str+3} (You
                  | bought it in a shop on level 2 of the Orcish Mines)
 20243 | Orc:2    | Bought a scroll of enchant armour for 202 gold pieces
 20258 | Orc:2    | Bought an encrusted spear for 216 gold pieces
 20258 | Orc:2    | Identified the +6 spear "Danyimpi" {drain, MP+9 Stlth+}
                  | (You bought it in a shop on level 2 of the Orcish Mines)
 20261 | Orc:2    | Bought a glowing cloak for 217 gold pieces
 20510 | Orc:2    | Bought a wand of charming (5) for 324 gold pieces
 20510 | Orc:2    | Bought a wand of iceblast (7) for 453 gold pieces
 20510 | Orc:2    | Bought a twisted dagger for 189 gold pieces
 20510 | Orc:2    | Identified the +5 dagger of Vaofraupra {freeze, rElec rCorr
                  | Str+5} (You bought it in a shop on level 2 of the Orcish
                  | Mines)
 20836 | D:13     | Noticed Erolcha
 20845 | D:13     | Killed Erolcha
 21171 | D:14     | Found a stormy altar of Qazlal.
 21237 | D:14     | Reached skill level 10 in Stealth
 21455 | D:14     | Identified the +5 long sword "Nowkenall" {antimagic, rF+
                  | Int+3 Dex+3 SInv}
 21497 | D:14     | Found a gate to the Vaults.
 21928 | D:15     | Entered Level 15 of the Dungeon
 22040 | D:15     | Reached skill level 14 in Dodging
 22041 | D:15     | Found a staircase to the Depths.
 22073 | D:15     | Plain boots
 22233 | D:15     | Found a broken altar of Ashenzari.
 22937 | Elf:1    | Entered Level 1 of the Elven Halls
 22943 | Elf:1    | Paralysed by an air elemental for 1 turns
 22947 | Elf:1    | Paralysed by an air elemental for 1 turns
 22951 | Orc:2    | Paralysed by an air elemental for 1 turns
 23086 | Elf:1    | Reached skill level 5 in Invocations
 23099 | Elf:1    | Reached skill level 15 in Fighting
 23209 | Elf:1    | Found a flickering gateway to a bazaar.
 23226 | Elf:1    | Bazaar in north. Not easy to get to!
 23228 | Bazaar   | Entered a bazaar
 23228 | Bazaar   | Found Ywetac's Antique Weapon Shop.
 23228 | Bazaar   | Found Mossou's General Store.
 23270 | Bazaar   | Found Ralier's Antique Armour Shop.
 23278 | Bazaar   | Bought a crude robe for 153 gold pieces
 23278 | Bazaar   | Identified the +0 robe of Pathos {Str+6} (You bought it in
                  | a shop in a bazaar)
 23292 | Bazaar   | Bought a steaming shortbow for 152 gold pieces
 23292 | Bazaar   | Identified the +10 shortbow "Hedote Avva" {antimagic, rC-
                  | Str+6 Int+3 Dex-4} (You bought it in a shop in a bazaar)
 23307 | Bazaar   | Bought a potion of heal wounds for 85 gold pieces
 23307 | Bazaar   | Bought a scroll of enchant weapon for 127 gold pieces
 23307 | Bazaar   | Bought a scroll of butterflies for 68 gold pieces
 23404 | Elf:1    | Paralysed by an air elemental for 1 turns
 23557 | Elf:1    | Reached skill level 15 in Dodging
 23557 | Elf:1    | Reached XP level 17. HP: 142/142 MP: 7/21
 23791 | Elf:1    | Paralysed by an air elemental for 1 turns
 24072 | Elf:1    | Reached skill level 16 in Dodging
 24109 | Elf:1    | Paralysed by an air elemental for 1 turns
 24158 | Elf:1    | Got the Lectures on Helpful Concussion
 24517 | Shoals:1 | Entered Level 1 of the Shoals
 24595 | Shoals:1 | Found a flickering gateway to a bazaar.
 24617 | Shoals:1 | Bazaar in southwest
 24636 | Bazaar   | Entered a bazaar
 24640 | Bazaar   | Found Unamm's Jewellery Boutique.
 24659 | Bazaar   | Found Nyzeotin's Antique Armour Emporium.
 24680 | Bazaar   | Found Okiud's Magic Scroll Boutique.
 24685 | Bazaar   | 624 gold for acquirement scroll; I don't have enough. ;_;
 24698 | Bazaar   | Found Amnaokix's General Store.
 24742 | Bazaar   | Bought a scroll of fog for 52 gold pieces
 24742 | Bazaar   | Bought a potion of mutation for 104 gold pieces
 24758 | Bazaar   | Bought a scroll of teleportation for 36 gold pieces
 24758 | Bazaar   | Bought a scroll of teleportation for 36 gold pieces
 24758 | Bazaar   | Bought a scroll of butterflies for 48 gold pieces
 24758 | Bazaar   | Bought a scroll of butterflies for 48 gold pieces
 25169 | Shoals:1 | Found a runed translucent gate.
 25170 | Shoals:1 | Found a runed translucent gate.
 25203 | Shoals:1 | Found a runed translucent gate.
 25306 | Shoals:1 | Noticed Roxanne
 25326 | Shoals:1 | Killed Roxanne
 25376 | Shoals:1 | Noticed octoduck's ghost (journeyman DsMo)
 25390 | Shoals:1 | Killed octoduck's ghost
 25607 | D:8      | Killed rundlesten's ghost
 26367 | Shoals:2 | Identified the +1 ring mail "Deit Zeepigi" {Rampage rPois
                  | rN++ Int-2}
 26478 | Shoals:3 | Got Ovvutzau's Elucidation of the Nimbus
 26494 | Shoals:3 | Reached skill level 17 in Dodging
 26750 | Shoals:3 | Noticed Bai Suzhen
 26959 | Shoals:3 | Noticed Polyphemus
 27002 | Shoals:3 | Killed Polyphemus
 27378 | Shoals:3 | Reached XP level 18. HP: 117/154 MP: 7/22
 27803 | Shoals:4 | Entered Level 4 of the Shoals
 27944 | Shoals:4 | Reached skill level 18 in Dodging
 28072 | Shoals:4 | Reached skill level 5 in Throwing
 28114 | Shoals:4 | Paralysed by a sphinx for 4 turns
 28292 | Shoals:4 | Noticed Louise
 29033 | Shoals:4 | Got a barnacled rune of Zot
 29270 | Shoals:4 | Killed Louise
 29566 | Vaults:1 | Entered Level 1 of the Vaults
 29832 | Vaults:1 | Got the Quarto of Windy Displacement
 29894 | Vaults:1 | Reached skill level 19 in Dodging
 30167 | Vaults:1 | Reached XP level 19. HP: 165/165 MP: 7/23
 30887 | Vaults:1 | Found a transporter.
 30938 | Vaults:1 | Found a bloodstained altar of Trog.
 30938 | Vaults:1 | Found the +8 Wrath of Trog {antimagic, *Rage Rampage}
 30988 | Vaults:1 | Found a transporter.
 30988 | Vaults:1 | Found a runed translucent door.
 31175 | Vaults:1 | Noticed a Brimstone Fiend
 31217 | Vaults:1 | Identified the +3 glaive of Discord {protect, rPois Str+2}
 31223 | Vaults:1 | Identified the +0 plate armour "Gymoa" {rCorr}
 31836 | Vaults:2 | Reached skill level 20 in Dodging
 31994 | Vaults:2 | Forgot about the rF- on that ring.
 32074 | Vaults:2 | Identified the +10 flail "Kivitul" {flame, rPois rF+ Str+5
                  | Stlth+}
 33523 | Vaults:3 | Found a flickering gateway to a bazaar.
 33528 | Vaults:3 | It's in the west.
 33529 | Bazaar   | Entered a bazaar
 33543 | Bazaar   | Found Vamyahar's Antique Weapon Emporium.
 33543 | Bazaar   | Found Maotitim's Armour Shoppe.
 33553 | Bazaar   | 751 gold for "Punk"
 33598 | Bazaar   | Found Fagocw's Armour Emporium.
 33598 | Bazaar   | Found Lukkaruh's Armour Shoppe.
 33728 | Bazaar   | You can get a scarf of repulsion here.
 33728 | Bazaar   | Bazaar: one end a lava pool, and the other water
 33972 | Vaults:3 | Reached XP level 20. HP: 124/176 MP: 4/24
 34445 | Vaults:3 | Found a staircase to the Crypt.
 34785 | Vaults:3 | Found a transporter.
 34795 | Vaults:3 | Found a transporter.
 35329 | Spider:1 | Entered Level 1 of the Spider Nest
 35414 | Spider:1 | Entrance is an open area with lots of enemies to the left!
 36432 | Spider:1 | Reached skill level 15 in Stealth
 37195 | Spider:2 | Found a transporter.
 37195 | Spider:2 | Noticed Angrytalen2's ghost (adept MiGl)
 37199 | Spider:2 | Found a transporter.
 37944 | Spider:2 | Reached skill level 21 in Dodging
 37957 | Spider:2 | Killed Angrytalen2's ghost
 38014 | Spider:2 | Identified the amulet "Suisie Emna" {Faith Regen+}
 38026 | Spider:2 | freaking rPois ring in here
 38771 | Spider:3 | Noticed Arachne
 38781 | Spider:3 | Killed Arachne
 39379 | Spider:4 | Entered Level 4 of the Spider Nest
 39428 | Spider:4 | Reached XP level 21. HP: 184/184 MP: 8/25
 39473 | Spider:4 | Noticed Mara
 39574 | Spider:4 | Noticed Nonny's illusion
 39929 | Spider:4 | Noticed Nonny's illusion
 39938 | Spider:3 | Killed Mara
 40759 | Spider:4 | Got a gossamer rune of Zot
 41650 | Elf:2    | Found Iqotadom's Magic Scroll Shop.
 41660 | Elf:2    | Bought a scroll of fear for 76 gold pieces
 41660 | Elf:2    | Bought a scroll of fog for 76 gold pieces
 41660 | Elf:2    | Bought a scroll of teleportation for 57 gold pieces
 41660 | Elf:2    | Bought a scroll of teleportation for 57 gold pieces
 41660 | Elf:2    | Bought 3 scrolls of magic mapping for 427 gold pieces
 41660 | Elf:2    | Bought a scroll of poison for 76 gold pieces
 41679 | Elf:3    | Entered Level 3 of the Elven Halls
 41805 | Elf:3    | Paralysed by an air elemental for 1 turns
 41951 | Elf:3    | Paralysed by an air elemental for 1 turns
 41990 | Elf:3    | Got the Vellum of the Illusory Friends
 42056 | Elf:3    | Reached skill level 22 in Dodging
 42160 | Elf:3    | Found Aprimak's Weapon Boutique.
 42216 | Elf:3    | Reached skill level 10 in Throwing
 42826 | Elf:3    | Identified the +3 bardiche of Recklessness {protect, *Rage
                  | rCorr SInv Stlth-}
 42879 | Elf:3    | Identified the +1 battleaxe of Vezecsah {freeze, Str+3}
 42892 | Elf:3    | Identified the +8 mace of the Aged Hosts {flame, rF+ Dex+3}
 43258 | Elf:3    | Identified the +1 trident of Dishonesty {spect, Contam
                  | *Noise rC+++ Str+5}
 43505 | Elf:3    | Identified the staff of death "Gioniew" {rN+ Str+4 SInv
                  | Stlth+}
 43511 | Elf:3    | Identified the +0 scale mail of Patience {Int+2}
 43513 | Elf:3    | Identified the +5 sling of Harmony {freeze, Str+4}
 43514 | Elf:3    | Identified the +10 swamp dragon scales "Ylikin" {rPois
                  | Str+4}
 43659 | Elf:3    | Found the +3 giant club "Skullcrusher" {speed, Str+7}
 43695 | Elf:3    | This vault is upside-down Stringer Flynn.
 44393 | Vaults:4 | Reached XP level 22. HP: 191/192 MP: 11/26
 44424 | Vaults:4 | Reached skill level 10 in Evocations
 44596 | Vaults:4 | Noticed Sojobo
 44605 | Vaults:4 | Noticed Mennas
 44724 | Vaults:4 | Noticed Aizul
 44734 | Vaults:4 | Killed Aizul
 45032 | Vaults:4 | Killed Mennas
 45186 | Vaults:4 | Noticed Boris
 45191 | Vaults:4 | Killed Boris
 45303 | Vaults:4 | Killed Sojobo
 46576 | Vaults:5 | Entered Level 5 of the Vaults
 46613 | Vaults:5 | Storm dragon IN THE ABSOLUTE SOUTHWEST CORNER (dead).
 46657 | Vaults:5 | Noticed an ancient lich
 46695 | Vaults:5 | Killed an ancient lich
 46696 | Vaults:5 | Reached skill level 10 in Armour
 46764 | Vaults:5 | Noticed a golden dragon
 47088 | Vaults:5 | Identified the +11 lajatang "Fosky" {drain, *Noise Str+9
                  | Int-2 Stlth+}
 47090 | Vaults:5 | Got a silver rune of Zot
 47091 | Vaults:5 | Silver rune in southwestern quadrant.
 47163 | Vaults:5 | Downhatch drops you into western V:5, north of shadow
                  | dragon and two-headed ogre (shapeshifter).
 47256 | Vaults:5 | Identified the ring of Unlat {rC+ Str+2}
 47305 | Vaults:5 | Identified the +7 mace of Hoebox {heavy, rC+ rN+}
 47309 | Vaults:5 | Noticed a dread lich
 47332 | Vaults:5 | Killed a dread lich
 47538 | Vaults:5 | Identified the +3 bardiche "Obboebeo" {flame, Dex+3}
 47888 | Vaults:5 | Killed a golden dragon
 47889 | Vaults:5 | Reached XP level 23. HP: 92/205 MP: 4/27
 48026 | Vaults:5 | Identified the +10 falchion of Ynlowk {speed, Fly Will++
                  | MP-9 Dex+3}
 48253 | Vaults:5 | Identified the staff of death "Joyriutz" {rPois rN+ Str+4}
 48262 | Vaults:5 | Identified the ring of the Wizarding Queen {Str+3 Dex+4
                  | SInv}
 48309 | Vaults:5 | Titan IN THE ABSOLUTE SOUTHEAST CORNER!
 48380 | Vaults:5 | Reached skill level 1 in Short Blades
 48662 | Vaults:5 | Identified the +0 robe "Saqops" {Dex+3}
 48737 | Vaults:5 | Noticed an ancient lich
 48810 | Vaults:5 | Killed an ancient lich
 49296 | Vaults:5 | Got Dacech's Elucidation of Breezy Superposition
 49299 | Vaults:5 | Identified the +1 long sword of Disarray {speed, rC+++
                  | Will+ Int-4 SInv}
 49903 | Vaults:5 | Noticed a dread lich
 50069 | Vaults:4 | Killed a dread lich
 51249 | Slime:1  | Entered Level 1 of the Pits of Slime
 51673 | Slime:3  | You fall into a shaft and drop 1 floor!
 51701 | Slime:4  | Found a one-way gate to the infinite horrors of the Abyss.
 51703 | Slime:4  | Found a corrupted altar of Lugonu.
 52006 | Slime:4  | Voluntarily entered the Abyss.
 52278 | Abyss:4  | Found a glowing golden altar of the Shining One.
 52305 | Abyss:4  | TSO rune vault
 52314 | Abyss:4  | Noticed a juggernaut
 52328 | Abyss:4  | Killed a juggernaut
 52342 | Abyss:4  | Got an abyssal rune of Zot
 52347 | Abyss:4  | Found a glowing golden altar of the Shining One.
 52602 | Abyss:4  | Found a glowing golden altar of the Shining One.
 52611 | Slime:4  | Escaped the Abyss
 52798 | Slime:3  | Reached XP level 24. HP: 216/216 MP: 9/27
 52934 | Slime:5  | Entered Level 5 of the Pits of Slime
 53289 | Slime:5  | Reached skill level 15 in Long Blades
 53299 | Slime:5  | Gained mutation: You are frail. (-10% HP) [a shining eye]
 53302 | Slime:5  | Noticed the Royal Jelly
 53333 | Slime:5  | Killed the Royal Jelly
 53346 | Slime:5  | Found the ring of the Tortoise {AC+8}
 54029 | Slime:5  | Gained mutation: You are very frail. (-20% HP) [a shining
                  | eye]
 54034 | Slime:5  | Lost mutation: You are very frail. (-20% HP) [potion of
                  | mutation]
 54034 | Slime:5  | Lost mutation: You are frail. (-10% HP) [potion of
                  | mutation]
 54034 | Slime:5  | Gained mutation: You are robust. (+10% HP) [potion of
                  | mutation]
 54064 | Slime:5  | Learned a level 2 spell: Blink
 54108 | Slime:5  | Identified the +4 leather armour of Hasumink {rN+}
 54141 | Slime:5  | Identified the staff of death "Qotzeap" {rC+ rN+ Will++
                  | Dex-2}
 54142 | Slime:5  | Identified the +5 falchion "Wakhorr" {venom, Str+4}
 54181 | Slime:5  | Got a slimy rune of Zot
 54680 | Shoals:2 | Killed Bai Suzhen
 54985 | Depths:1 | Entered Level 1 of the Depths
 55293 | Depths:1 | Noticed Saint Roka
 55315 | Depths:1 | Killed Saint Roka
 55321 | Depths:1 | Saint Roka has a heal wounds potion
 55483 | Depths:1 | Found an ancient bone altar of Kikubaaqudgha.
 55496 | Depths:1 | Reached skill level 1 in Translocations
 55724 | Depths:1 | Found a one-way gate leading to the halls of Pandemonium.
 55886 | Depths:1 | Found a gateway to Hell.
 55917 | Hell     | Entered the Vestibule of Hell
 55927 | Hell     | Noticed Geryon
 56202 | Hell     | Gehenna to the east; Hell hogs will ruin your stealth.
 56835 | Hell     | Killed Geryon
 56919 | Hell     | Reached skill level 15 in Throwing
 57084 | Hell     | Found a gateway to the ashen valley of Gehenna.
 57321 | Hell     | Found a gateway to the Iron City of Dis.
 57366 | Hell     | Dis - north, Cocytus - west, Tart - south
 57595 | Hell     | Found a gateway to the freezing wastes of Cocytus.
 57768 | Hell     | Found a gateway to the decaying netherworld of Tartarus.
 57958 | Depths:1 | Nearly died to Hell hogs, among other things. :)
 58301 | Depths:1 | Found a hazy altar of Hepliaklqana.
 58435 | Depths:1 | Found Beg Qae's Jewellery Emporium.
 58435 | Depths:1 | Found Juc Dann's Book Shop.
 58435 | Depths:1 | Found Luco's Book Shop.
 58446 | Depths:1 | Bought the ring of the Verdant God {rPois rF+ rCorr Str+3}
                  | for 667 gold pieces
 58580 | Depths:2 | Reached XP level 25. HP: 205/243 MP: 10/27
 58587 | Depths:2 | caustic shrike
 59279 | Depths:2 | Found a snail-covered altar of Cheibriados.
 59367 | Depths:2 | Found Enoarch's Jewellery Boutique.
 59402 | Depths:2 | Bought the ring of Ozuxoom {rN+ Will+} for 684 gold pieces
 59410 | Depths:2 | Bought the ring of Wocvacvu {rC+ Will+ Str-4 Stlth+} for
                  | 701 gold pieces
 59657 | Depths:2 | Found a glowing silver altar of Zin.
 59657 | Depths:2 | Found a hide-covered altar of Uskayaw.
 59702 | Depths:2 | Found a bloodstained altar of Trog.
 59702 | Depths:2 | Found a white marble altar of Elyvilon.
 59999 | Depths:2 | Reached skill level 5 in Translocations
 61417 | Depths:3 | Found the +6 arbalest "Damnation" {damnation}
 61422 | Depths:3 | Damnation is in the west.
 61432 | Depths:3 | Found a hide-covered altar of Uskayaw.
 62121 | Depths:3 | Noticed Boris
 62158 | Depths:3 | Killed Boris
 62337 | Depths:3 | Paralysed by a sphinx for 5 turns
 62396 | Depths:3 | elemental wellspring
 62403 | Depths:3 | Noticed a juggernaut
 62404 | Depths:3 | caustic shrike too
 62654 | Depths:3 | Reached skill level 23 in Dodging
 62817 | Depths:3 | Noticed a juggernaut
 62841 | Depths:3 | Killed a juggernaut
 62842 | Depths:3 | Reached XP level 26. HP: 206/258 MP: 27/27
 62929 | Depths:3 | Noticed a juggernaut
 62931 | Depths:3 | Identified the +3 lajatang of the Turnip {protect, Will-
                  | Str+4 Int+3}
 62931 | Depths:3 | Identified the ring of Cerem {rElec rN+ Int+9 Slay-6}
 63094 | Depths:3 | Killed a juggernaut
 63208 | Depths:3 | Killed a juggernaut
 63259 | Depths:3 | Got the Disquisition on the Crypt and the Zephyr
 63261 | Depths:3 | Identified the +6 shortbow "Asecoz" {drain, rPois rC+ rN+}
 63296 | Depths:3 | Identified the +4 scale mail of Activism {Int+3 Stlth+}
 63565 | Depths:4 | Entered Level 4 of the Depths
 64052 | Depths:4 | What is this vault called?
 64337 | Depths:4 | Reached skill level 24 in Dodging
 64480 | Depths:4 | Found a gate to the Realm of Zot.
 64604 | Depths:4 | Found a one-way gateway to a ziggurat.
 64689 | Zot:1    | Entered Level 1 of the Realm of Zot
 64690 | Zot:1    | Gossamer + Silver + Abyssal
 64690 | Zot:1    | This is not an ideal jamboree.
 66193 | Zot:1    | Aside from the welcoming party, this wasn't too bad for
                  | Zot:1. Mostly draconians, dragons, and occasional death
                  | cob.
 66510 | Zot:2    | Reached XP level 27. HP: 266/266 MP: 10/27
 66670 | Zot:2    | Reached skill level 25 in Dodging
 67131 | Zot:2    | Killer Klown with +12 club of distortion in west.
 67596 | Zot:3    | Learned a level 3 spell: Teleport Other
 68211 | Zot:4    | There is a massive fortress in the west.
 68607 | Zot:3    | You fall into a shaft and drop 1 floor!
 69114 | Zot:4    | Noticed an orb of fire
 69122 | Zot:4    | Killed an orb of fire
 69743 | Zot:4    | Reached skill level 26 in Dodging
 69757 | Zot:4    | Reached skill level 15 in Evocations
 69859 | Zot:4    | Identified the +5 great sword of the Saviour {venom, rPois
                  | Str+2 Stlth+}
 70070 | Zot:4    | Fortress isn't too scary. Contains electric dragons, ghost
                  | moth, titans, moths of wrath, and death cob.
 70076 | Zot:4    | I was stealthy enough to stab most of them. B)
 70076 | Zot:4    | Also quicksilver dragon or two.
 70754 | Zot:3    | This floor didn't seem too bad. Draconians and dragons, oh
                  | my.
 70837 | Zot:5    | Entered Level 5 of the Realm of Zot
 71363 | Pan      | Entered Pandemonium
 71476 | Pan      | Noticed Ignacio
 71491 | Pan      | Noticed Cyaho the pandemonium lord
 71507 | Pan      | Killed Cyaho the pandemonium lord
 71747 | Pan      | Noticed Ignacio
 72406 | Pan      | Noticed Xirutoq the pandemonium lord
 72409 | Pan      | Killed Xirutoq the pandemonium lord
 72735 | Pan      | Reached skill level 10 in Translocations
 72849 | Pan      | Found a transporter.
 73162 | Pan      | Found an exit through the horrors of the Abyss.
 73364 | Pan      | Found a transporter.
 73854 | Pan      | Gained mutation: Your body sometimes deteriorates upon
                  | taking damage. [a cacodemon]
 74009 | Pan      | Reached skill level 5 in Short Blades
 74032 | Pan      | Noticed Cofacs the pandemonium lord
 74326 | Pan      | Found an exit through the horrors of the Abyss.
 74340 | Pan      | Took an exit into the Abyss.
 74340 | Abyss:4  | Escaped into the Abyss
 74738 | Depths:2 | Escaped the Abyss
 74850 | Pan      | Entered Pandemonium
 74911 | Pan      | Noticed Igerasot the pandemonium lord
 74976 | Pan      | Killed Igerasot the pandemonium lord
 75036 | Pan      | Found an exit through the horrors of the Abyss.
 75037 | Pan      | Noticed Ignacio
 75039 | Pan      | Killed Ignacio
 75045 | Pan      | Took an exit into the Abyss.
 75045 | Abyss:4  | Escaped into the Abyss
 75433 | Abyss:4  | Found a corrupted altar of Lugonu.
 75608 | Depths:2 | Escaped the Abyss
 75614 | Pan      | Entered Pandemonium
 75739 | Pan      | Reached skill level 10 in Short Blades
 75821 | Pan      | Identified the +0 helmet "Monom" {Dex+4 SInv}
 75891 | Pan      | Identified the +5 falchion of Darkness {heavy, rPois Dex+8
                  | Stlth+}
 76135 | Pan      | Noticed Iqexonku the pandemonium lord
 76200 | Pan      | Killed Iqexonku the pandemonium lord
 76720 | Pan      | Found an exit through the horrors of the Abyss.
 76728 | Pan      | Took an exit into the Abyss.
 76728 | Abyss:4  | Escaped into the Abyss
 76732 | Abyss:4  | Found a corrupted altar of Lugonu.
 76737 | Depths:2 | Escaped the Abyss
 76797 | Pan      | Entered Pandemonium
 77238 | Pan      | Gained mutation: Your magical capacity is low. (-10% MP) [a
                  | cacodemon]
 78069 | Pan      | Entered the realm of Lom Lobon.
 78347 | Pan      | Noticed Lom Lobon
 78416 | Pan      | Got a magical rune of Zot
 78616 | Pan      | Entered the realm of Gloorx Vloq.
 78645 | Pan      | Found an exit through the horrors of the Abyss.
 79129 | Pan      | Noticed Lom Lobon
 79133 | Pan      | Noticed Gloorx Vloq
 79209 | Pan      | Killed Gloorx Vloq
 79369 | Pan      | Got a dark rune of Zot
 79462 | Pan      | Took an exit into the Abyss.
 79462 | Abyss:4  | Escaped into the Abyss
 79523 | Depths:2 | Escaped the Abyss
 80999 | Crypt:1  | Entered Level 1 of the Crypt
 81005 | Crypt:1  | Noticed Boris
 81081 | Vaults:3 | Killed Boris
 81082 | Vaults:3 | Reached skill level 15 in Short Blades
 81381 | Crypt:1  | manual of dodging
 82119 | Crypt:3  | Entered Level 3 of the Crypt
 82298 | Crypt:3  | Identified the ring of the Uplifting Gods {Ice +Blink rN+
                  | Dex+4}
 83402 | Crypt:3  | Found a staircase to the Tomb.
 84062 | Crypt:3  | Identified the +5 great mace of the Gloaming {flame, Int+5
                  | Stlth+}
 85911 | D:12     | You paid a toll of a +6 demon blade to enter a treasure
                  | trove
 85912 | Trove    | Entered a treasure trove
 85928 | Trove    | Identified the +1 rapier "Piprusocex" {freeze, Str+3}
 85929 | Trove    | Identified the amulet of Psychosis {Acrobat rF- rC+ Regen+
                  | SInv}
 85938 | Trove    | Identified the +2 pair of boots of the Unseen Realm {rN+}
 85939 | Trove    | Finally. Some good boots.
 86326 | Crypt:2  | Reached skill level 27 in Dodging
 86368 | Crypt:2  | Noticed Grunn
 86382 | Crypt:2  | Killed Grunn
 86587 | Crypt:2  | Found a transporter.
 86589 | Crypt:2  | Noticed a dread lich
 86604 | Crypt:2  | Noticed Boris
 86606 | Crypt:2  | Found a transporter.
 86626 | Crypt:2  | Killed Boris
 87349 | Crypt:2  | Killed a dread lich
 87508 | Crypt:2  | Identified the amulet "Azelunnu" {rC++ Regen+ Int-4 Slay+5}
 87919 | Hell     | Learned a level 4 spell: Manifold Assault
 87920 | Coc:1    | Entered Level 1 of Cocytus
 87984 | Coc:1    | Stairs just a few steps away! Simulacra and nargun to the
                  | right.
 88721 | Coc:2    | Stairs southwest of entrance, but wendigo and fiend would
                  | be in the way. This floor has a variety of nasties.
 88729 | Coc:3    | Another quick floor, but beware of nearby enemies!
 89106 | Coc:4    | This floor has nearby steps again, but a jamboree
                  | surrounding and an alarm trap adjacent to stairs and
                  | enemies. Be careful!
 89196 | Coc:5    | Paralysed by a wendigo for 1 turns
 89876 | Coc:5    | You fall into a shaft and drop 1 floor!
 90318 | Coc:6    | Paralysed by a wendigo for 1 turns
 90647 | Coc:6    | Stairs northeast of entrance; use digging wand, probably.
 90647 | Coc:6    | Coc:5 and 6 are most intimidating floors yet with
                  | everything, including shard shrikes
 90648 | Coc:7    | Entered Level 7 of Cocytus
 90989 | Coc:7    | HP: 9/266 [wendigo/seracfall (34)]
 90992 | Coc:7    | Killed from afar by a wendigo

Illustrated notes #+# ####.#### ##..#.#..## #.#.#.#.#.# #..#...#..# ####.....#### +.....@.....+ ####.....#### #..#...#..# #.#.#.#.#.# ##..#.#..## ####.#### #+# Turn 18 on D:1: > It's a long way down to the Orb of Zot, but that shouldn't be any trouble. ......#.#.#.#.#.# #.# .#....##..#.#..## #.# .#.#...####.#### #.# ...#......#'#.# #.# #..##.....#..### #.# #.....###.÷#...# #.# #...######.#...# #.## #...# #......#.####..# #...# #.###.##..@.##.# #...# #.# #.#####.##.# #...###.# #.# #.##.## ......).# #.## #..#..# ....##### #..# ##.##.# #...########.## #.##.# .........###..# #..#.### #..#####...##.#####.#...# ...# ###......###.#...# Turn 407 on D:1: Puny D:1. ##.####.....# #....####.#### #..# ##.#######...........# #.## #................#†#.# ### #..#############.#...# #......# #.##### ####.####.# #.# #.†.....#.# #.# #.......#.# #.# #.......#@# #.# #.......#)# ..# #.......#.# ####.####.# #.# #.# .# #.# #.# #.# Turn 636 on D:2: Nearly died to Terence. He had a haste potion! ##################### ..................... ######...####...##### #........#...# #........######### #........# #..... #........# #..... #@.......# #..... #........# #..... #........# #..... #........# #..... #....$...# #..... #...<....# #..... #........# #..... #........ #..... #..... Turn 1250 on D:2: +2 buckler towards southwest ######## #......## #.####..########## #@# ##........... #.# ############ #.# #####^..... #.# #.....##### ######.######.##### #....)........# #.............### ######.######...###### #.# ###......## Turn 1282 on D:1: D:2 uphatch not viable for orbrun. ### #........ ≈≈≈§§§.≈≈≈≈≈§# #........ ≈....§§.....≈###........ ≈.§(.§§§....≈#.........> ≈.....≈§....§########..# ≈..§..≈..≈h.§# ###.## ≈..≈hh§$.≈..≈######...## ≈..≈≈≈#≈§≈K.≈##.....#### §$.≈!.§@.≈..§##.####.... ≈..§..≈b.≈..≈#..# ##.### ≈.....≈.....≈#.## #..... ≈.....≈§....≈### #..### §......§§§.§§# #..... ≈≈≈≈≈≈.≈§§≈§≈# ####.#### ######+####### #.......# #.......# #.......# Turn 1304 on D:2: Lava vault in center of floor. Contains endoplasm, 3 jackals, bat, and kobold. <....# #........# #.# .....# #........# #.# .....# #........# #.# .....# #........# #.# ###### ########.###########.#### ≈≈≈≈§≈##...............# b...§≈≈##.#########....# §.#≈..≈##.# ###### §≈≈≈#§.@..# #..... .#≈≈≈.≈#### #.#### J.§#..≈ #...# §....≈≈ ###.# ≈≈≈≈≈≈# #.# ###### #.# #.# #.## #... Turn 1596 on D:2: Lava vault in southwest too. ##...# ###<.#.# ##...<..# ###..###### #....# #####...## #.....### #.##.## #..@.# #.......## ###..##.. #. ##.# ). .# g. .# # .. #. Turn 2002 on D:3: Ijyb has wand of iceblast (2). ####### ....?.. ....... @...... .......############### /......♣..........).># .......#############.# ....<.. #.# ....... #.# ?...... #.# ....... #.# ....... #.# ....... #.# #.# Turn 2453 on D:4: Edmund transformed me into a tree! #.########## #.....@bbb.# ##########.# #.# #b# #####b#.# #PP.P.P...##........ ....P.P...P....P.P## #....... Turn 7882 on D:8: Hornet near Lair entrance; Lair entrance in the west. ##.#...##....###...... ##.........##.# ##..... #.....#..>.##.####..... #.....##...#...##...... ###...#....##.###...... ##......##.##.#........ #........†.#....#...#.. ###...##.<.#...###..... ########...@[.....### #..... # ###...P.........#.#.# ##.... ##.#PP....P....###.###.######...# #..#..PP....P..###........#.#.... #.........P....#....##........#.# #..P.......P.P..)...###.......... ............P....#####..###...... .............P...## #....##...#. ...PP.P...P.......# ##.....##.##. Turn 8232 on D:8: Thanks for the +4 scimitar of flaming. B) ##.....## ## ##...#.# .## .### #..##..# #.. #..###...#..####.. .................## .#####....####.. .# ####.......###.##.## . ##..##..#...##.#©..#.... #####.###......@©...... #.# ##....#..©#.##. #.####.#####.## #.##..## ..# ###..###.# #.# #..### ### .# ##.# ## ### Turn 8743 on D:9: Transporters ............## .####. #.......#..### ..... #....#...... . #..# ##......#... .. #..## ##.....####.. #..###...###......## ##. .............####..# #. #...........## ##.# ## #.....@....# #.## # #......##...# ##.# # ......# #....# #.#### #..... #..#..# #..##. ...<# ..###..####..... ...# ...###.........#. ### .... ...####..... #... ..# ##..##. # #.###..#### Turn 8985 on D:9: 1959 gold for storm bow ...#.......# .....#.....##.# ...#... .. +.......###.†##.## ....#.# #.##......#.##.##...# ....... .........$.........## ....... ...................## ....... ....................# ....... ...................## ....... ...................# ....... ........@..........P# ....## ####......###P###.P## #......# ### #...# #.....## ..## #.....P# ..# #.....+.+ #....[##.# #.....# ## ....... Turn 10289 on Lair:1: +2 demon whip of flaming in eastern Lair:1 ................. ............... ..#.####P........ ............... .##.# ##........ ............... .##.. ......... ........)...... .##.. .....########......###P# #P#####......# ### .. #....##.....## .. .. ##.F..##.....P# .## ... #.@...##.....+.+ .. .....###'####....[##.# .# .....##..P###.....#### .# +# ...................##### .###.###......................... ................................. ................................. .).............................^. ................................. Turn 10488 on Lair:1: This dude just wanted to nap! ≈≈~~## ##.........Z ...~≈≈~...# ......∩.... ..hh≈≈~..P# #.......#.# ...h≈≈~...####........#. ...h≈≈~~...#.......####. ...~~≈≈~....#.......###. ....~≈≈~....Z........... #.~≈≈~~............... #.~~≈@~..##..#....†... ##.h≈≈~~~####.###†.... #.~~≈≈~~#.....†..†... #..~≈≈~##$.......<... #..#~h~~.............. h.........h............ .......................# .............$.........# ...[.#####.........### Turn 11107 on Lair:2: Lots of wolves! ##### ###.)@# ##.##.:# ####...#.)# # #.#....#.)# ## ##.#......## .# ##.#†.#.#.#.# .# #.##.######.# .## ##.##### .# ..## ##.#..## .# Turn 11974 on IceCv: phial of floods :) ###...###.~~≈≈~~######. ###########.#..##..<~~≈≈~~P..##.. .......#.......###...~~≈≈~....... .....#...#.#..P# #....~≈≈~~...... .#...#.......### ###.#~~≈≈~~###.. ...#...#.....# ###.~≈≈~~# #.. #..#....##.#.#######...~≈≈~~###.. .......................~~≈≈~#.#.. #####.##.#.###..@.......~≈≈~..... #####...............~≈≈~..... #...............~≈≈~..... ##....##..P.....~≈≈~..... ###### #.P#..####....~~≈≈~P#.## .##PP### #.##.###......~≈≈~~####P ...P.P.###.............~≈≈~...... .......................~≈≈~~..#.P ......................~~≈≈~###### Turn 12789 on Lair:2: Ice cave is in southeast quadrant, btw. ##........# #.........Y #........P# ##......Y(. ##........## #..S...... #.#........## ........#. #..........###.#.....).# ##..#.#................. ##.#####..#.P#.. #..## #.## ## ##..####@.### #..#...#.†..# ##.......>.## #..##......P ##.#.##P....... #..#####..P#..## ##...# #..##.## #.### #..# # ##..###...# Turn 13079 on Lair:3: Wind drake, manticore, and cane toad by western Shoals entrance. ......#.#.....####..##.... ....).#..P....##...###..P### ..................†........# #..##...#####...÷...#.#.##..# †####..###.#.##'.'.####.# ..... ## ...##....##...##....# ....... .# ....#÷...##...##....#...##### .# ..##.....††.........#...# .# ##.####.@###.+####..## .# ##.#.##....###.####..# ## #.......'...##...#...# # ##.....##.÷.#.....#..# # . #.....##÷..##...##..###.P . ###.####...###.###....... #..###.#÷#######..#..P.... ..........#.##.......###.. ##..####............###.>. Turn 13521 on Lair:3: RAT VAULT at center of floor. ###.#....## ## ..........###P## .................. .................. .....:........... ............P. #..##.....# #.#.~~..@.# . ####..≈≈≈~...##.. #...~~≈≈≈≈~....... #....≈≈≈≈≈~....#.. ##...>.≈≈≈†~..#.... #.....~≈≈≈≈≈..##... #..#..≈≈≈≈~~..# #... ..#....~≈≈≈≈≈...# ### ........~≈≈≈~....# Turn 14121 on Lair:4: POTION OF EXPERIENCE ..#..###...... #........#.....## # #.........#....P# . # ##........#......# .. # #....##)...#....###... ## #...#.....#.......... ... #. ##.....#..##.......... #...##. #.......#†P.......# .....#. #P...........#@rr.# PP#...... ##...........#...r# ......... #...........##rrPr.# #........ #.....>.....##r..rrP##........ ##....###..#..##r.r..##........ #...#+.###+...####r..##......#. ##..#.......#...# #### #.....#. #.#.......##...######..#.....# ##...............#......##...## Turn 14288 on Lair:4: RAT VAULT IN SOUTHWEST QUADRANT ..# #....# P........ #.# ##P..# ......... #.###..P####........ #....#....PP.F.......Y. ##.........P.|.......... #....................... ##....................... #.#.....................< #.......@............Y^.. ##................Y...... ###...#....P.........P..P #....P######......##.##.P ##.....#...##P†..PP#.#... ##..##.......<.......... #...##.......†...#....P ##...#....##............ #.....#...##......##...# Turn 15252 on Lair:5: goliath frog ~ $~~ .... ~P~~ .... ######~~~. .... ####..~~~~~~~ .... ####..~~~~~~~# .... ####~≈~~~~~@~≈~~# .... #...~~~~≈≈~~≈~~## .....#.....~~≈~†~~~### .....#.......~~~~~~~~# ..........~..~..~~P≈~~≈~ ...........~.....~.~~~~~ .............~.....P.... ........................ ........................ Turn 15816 on Lair:5: This is one froggy endvault... ........... ..... ...........# ......###.. ...≈#P..#....#.## .....#. .. #..≈≈######.#.## .. ##≈#§#≈§§§##..P# #≈.....§§§.##.## #.......§#...## #..###..≈.....# ##..# #..≈≈....# #≈@.# #..≈§#...# #≈.§§##.§###..## #≈?§§#≈...≈#..# ##≈§###..≈#...# #####≈..#...## ##.....## #..#...# ###.#.## ##### Turn 16102 on Lair:5: Little lindwurm vault in southeast corner. <### ##..........# ## ##......#### ####..###..## # #....##......## .# ##.####..# ##..###.### ###..# #..# #...?.... #...####.# #........ .........#######...^...$ #...............@......[ ######################## Turn 18488 on D:12: lightning rod #......)))### #...........## ##...........# #........##'## ##.......#...# #........#.).# ##.......#...# #.......#..)# #.#...##)@)# #.).# #...# #...# #...# #...# #...# #...# Turn 19940 on Orc:2: Killed an orc warlord. #...# #...# #...# #...# #...# #...# #...# #...# ##@## #...# #...# #...# ##### Turn 19957 on Orc:2: Orc warlord vault in southwest. ......##.........# ..............#..### ..........#...#....### # ........##....##.....#.## .(...........####.......# .<........................ .......................... ....##..##..##...###...##. ...## ........≈@# ≈≈... ...# ......≈≈≈# ≈≈≈... ...... ...≈≈≈≈## #≈≈≈≈. ...#... .≈≈≈≈## #≈≈ ...#... ≈≈≈≈# ....... ..o. ...... .oo ...#.. ≈≈ ...# Turn 20173 on Orc:2: Centaur/Archer ending. ...).(...........####.......# .....<........................ .............................. ........##..##..##...###...##. .......##..........≈≈# ≈≈... .......#..........≈≈≈# ≈≈≈... .>.#............≈≈≈≈## #≈≈≈≈. .......#......≈≈≈≈### #≈≈ .......#....)≈≈≈@## .............)ooo†)o..∩. ......................∩. .......#.....≈≈≈≈####... .......#......≈≈≈≈# ∩# ................≈≈≈≈ .......#..........≈≈≈ $......##..........≈≈ ...... Turn 20219 on Orc:2: Two uniques made into eyes... .##.#........#. #. .............#. #. ...#...####.#. .. #.≈.#.†###. #. #...#..#.[. #..#######+###.###... ####..#......#...## ###. .........#.≈.#.≈.# #. #...@.....#†..######. ##.##.####.###>##.... # #..#..## #######. ####..# ## #### Turn 22073 on D:15: Plain boots ###**** #..,,,* #.#**,* #⌠# *,* ####### ##.# #.# ##.....## ##((# #.##### ##.......## #∩((###.....## ##.........## ##@(##.......# #...........#####.##.......# +....[..)...'...#⌠#+.......# #...........#####.#.......>#***** #...........# #..........+^,,,+ #...........# #####.....##***** ##.........## ######+## *# ##.......'## ##.## *. ##.....##.## ##.###. Turn 23226 on Elf:1: Bazaar in north. Not easy to get to! #≈≈≈≈~~~~.....,,,,,,,,*,,,~~~ #≈≈≈≈≈~~~....~~~~~~.,,,,,,~~~ #≈≈≈≈≈~....~...H~~~~~,,,,,,~, #≈≈≈≈~.........~~~~~~~,,~~~,, #≈≈≈≈~..........~~~~..,,,~~,, #≈≈≈≈≈...........~~~..,,,~~,, #≈≈≈≈≈...≈≈≈≈≈~...~...,,,,~~, #≈≈≈≈≈≈≈≈≈≈≈.~~..P....,,,,,,, #≈≈≈≈~..≈≈≈~@..P......,,,,,,* #≈≈≈≈~...≈≈≈~....P....,,,,*** #≈≈≈≈≈.....≈~~........,,,,* #≈≈≈≈≈~............!..,,,,* #≈≈≈≈≈~~~~~~~~........,,,,*** #≈≈≈≈≈≈~~~~~~~~.......,,,,,,, #≈≈≈≈≈≈~~~~~~~~~......,,,,,,, #≈≈≈≈≈≈≈≈≈≈≈≈~~~......,,,,,,, #≈≈≈≈≈≈≈≈≈≈≈≈≈≈~~.....,,~,,,, Turn 24617 on Shoals:1: Bazaar in southwest ##### ##...## #.....# #..@..###### +.....'....#### ##...#####....## ##### ####..## ##∩## ##..# ###...### ##'### ##.......## ##...## ##.........## #.....# #⌠....∩....⌠# #..∩..# Turn 24685 on Bazaar: 624 gold for acquirement scroll; I don't have enough. ;_; ### ############# #.. #...........# #.. #.....#.....# #.. #....###@...# #.. #...........# #.. #..#.....#..# #.. ###### #.##.....##.# #.. §§§..####..#.....#..# #.. §§§....##...........# #.. k§§.....#....###....# ### §§§k.>..#.....#.....# ########.. §§§.....+...........# #......#.. Turn 31994 on Vaults:2: Forgot about the rF- on that ring. *,,,,,,,,,,,,,,,,,,,,,,,,,,*,, *,*****************,,,,,,,,*,, #.# *,,,,,,,,*,, #.# *,,,,,,,,*,, #.# #########*,,,,,,,,*,, #.########.......##,,,,,,,,*,, #.#........#####..#,,,,,,,,*,, #.#.......##...##.#,,,,,,,,+,, #.#.......#..@..'.#,,,,,,,,*,, #.'.......##...####,,,,,,,,*,, #.#).......##### *,,,,,,,,*** #.#........# *,,,,,,,,,,, #.#........# *,,,,,,,,,,, #.#........# *,,,,,,,,,,, #.########## *,,,,,,,,,,, #.########*********,,,,,,,,,,, #.........,,,,,,,,,,,,,,,,,,,, Turn 33528 on Vaults:3: It's in the west. ### ##∩## ######## #...# ##......# #####.⌠.######..~~≈..## +...........'..~≈≈~~.∩# #####.⌠.######..≈~~..## #...# ##.....## ##@## ####### ### Turn 33553 on Bazaar: 751 gold for "Punk" ### ####### ##∩# ##.....## #... ##..≈§§..######.⌠. #@.≈§§≈§..'....... ##.§≈§§§.######.⌠. ##.....## #... ####### ##∩# ### Turn 33728 on Bazaar: You can get a scarf of repulsion here. .....# .....## # ...#....#.. ......# .# #.........# ..†...###.# #.........## ......#.^.###..........## ......†.###.............# ................[....... .............^......# .......†........@<.##### ...............†..^...... ....................[.... #....................#### ###..................# ###.............^..# #...............## #..........###### #..#......## Turn 35414 on Spider:1: Entrance is an open area with lots of enemies to the left! .#...)#..## #.........## ......###############.....##...## ....###.............###.###...^.# ..#..#..................#.#..#.## ..##.#...#########........#...... ######..##©......##..##.....#.... #..#8.......8#..###...^.#### # ##..#........[#..##....### # #####...#.......@=#..#..)....# ##.#...©#....©..."#©[.......## ........#.........#........## ....#...#.........#....#.### #.###...#8.......8#....#### ######..##.......##....#..# ##.....#########....^...# ##...................#.#.# #...#^.............####### Turn 38026 on Spider:2: freaking rPois ring in here #'############..##### #.###.###.###...)###. #.##..##..##.....)##. #.#...#...#...)....#. #.................... ##.........(......... #...........####.... #..........## ##... #..@......## ##.. ##....⌠...# #!. #........# #.. #........## ##.. ##........## ##... #.........####.... ##................ ##............... ###............. Turn 43695 on Elf:3: This vault is upside-down Stringer Flynn. #..# #..# #..#..... #..#..... #..#.... #...... #....#### #........ #.@...... ######### Turn 46613 on Vaults:5: Storm dragon IN THE ABSOLUTE SOUTHWEST CORNER (dead). #..# ###.....###..# ...# #..# ###......###..#..#... #..###.......###...#..# .. #..#........###...#..... .. #..#.......###....#..#..# . #..#......###....#...#....# #..#.....###[...C#........# #..#....###))...#...#..#... #.....)###@[[.).#...# #... #...)###################### #...).).............).....^ #.......................... ########################### Turn 47091 on Vaults:5: Silver rune in southwestern quadrant. #..# #..# #..# # #..# .# #..#..### #..#...[. #..#..... #........ #.@..##### #......... #......... #........ #.......) #....###### #.......... #..#.##... #..#......# Turn 47163 on Vaults:5: Downhatch drops you into western V:5, north of shadow dragon and two-headed ogre (shapeshifter). #......## ........## .........## # ..........## ## .# ...........## .#..# ............## .#..# ...........=.# ....# #################....# ................@....# ....................C# ###################### Turn 48309 on Vaults:5: Titan IN THE ABSOLUTE SOUTHEAST CORNER! # # # . . . . ## . . .# . #+#8) #. # ## ##⌠##⌠.. . #. ##...## # #..@..# ## # . ##§§.## # ##⌠## ## #+# ## #. .# . # ))# . # #.. # .. #+ +# ### Turn 52305 on Abyss:4: TSO rune vault ####### #.....###### #.....)....# #..#####.#.# #)[#@.~#.#.# #).#)#~#.#.# ##..#)#.#.#.# #...#[#...#.# #..#.#.#####.# #.##.#.......# #. #.#.#####.# #. #.#.# ..#.# #.##.#.# #.#.# Turn 55321 on Depths:1: Saint Roka has a heal wounds potion ...# .....# ..#...# #. .#.#...## #h. #.∩.#r..## #.3≈ #.#..T32## #..hh ..#2pp#4..##..≈≈# ....p#3#&.3...≈# #p@W#.....≈# ....p#.#......≈# ..#...#...##....# #.#.....## #...≈ #.∩.#...## #..≈ .#.#...## #.. .#...# #. ...# Turn 56202 on Hell: Gehenna to the east; Hell hogs will ruin your stealth. ##.#.###.#.## ##.......## ##.....## # ##...## ## ##...## ##. ##.....## ##.. ..# ##...#...## ##... ~~..# ##...#.#...## ##.... ~≈...# ##...#.@.#...## ##..≈.≈ .~~...####.....#.#.....####....#. ..~....##...#...#...#...##..≈≈### ⌠..........#.#.....#[#).....≈## # ..........#.∩.#...#.∩)#.÷...≈# # ⌠..........#.#.....#.#....).≈## # ..~....##...#...#...#...##÷...### .p~...####.....#.#.....####...≈#. ~~p..# ##^..#.∩.#...## ##..≈≈. Turn 57366 on Hell: Dis - north, Cocytus - west, Tart - south ##.......# ##..#.##..≈≈≈~ #.......## ##...#..~~~~≈ ###...### ###...⌠....~ #≈.....≈# ###....... ##§....≈## ######.# #≈.....≈# #..##.. #≈..###§# #...#.. ##≈.##[### ##...... #§..'[@)# ##..#.... ##§§##)### #...##... #≈..###≈######..####.. #≈.....≈##...#...####. ##§...§≈###...#....# ## #≈[...§§##.....#..## ###...####..#.#...# ##.##.#...#...### #....##..#...# Turn 57958 on Depths:1: Nearly died to Hell hogs, among other things. :) #. .. #.# #...# #.# ....$###.# .#.....##.# ### #.#.....#.#####.# #.#......D@....# #.#...#TD.....# #.#..b.#####.# #...#.# #.# #.#..#.# #.# #.#...#.# #.# #.#....#.# #.# #.#.[...#.#####)## .#............>..# Turn 58587 on Depths:2: caustic shrike #.# #.#...(....# #.####.#........# #.##...'........# #......#........# ########'##........# #......<...........# #..................# #............... #.......@...... #.............. #.........).... #.............. #.............. .............. ............. Turn 61422 on Depths:3: Damnation is in the west. #............# ###. #####..........# ## ⌠≈8§§#####...).[# ≈ ≈≈≈§≈≈≈≈####(.<# E~ ~~~~~~≈≈≈≈##..# ~♣~~~♣~♣~~~~≈≈##.# #~E⌠~~#~#~~~~≈≈#.# ~♣E~~♣~♣~~♣~~~≈### ~~§E~~@†~#~#~~≈⌠# ~8§~~8~~~~♣~~~~♣ ## ~#'''#~~~~~~#''# #. #'''####~~~#~~♣# #. #~~ ###~##)~# #. ~~~~ ###8~## #. ~~~ #~~8# #. ##~~# #. #8~## ####. Turn 62396 on Depths:3: elemental wellspring #............# ###. #####..........# ## ⌠§8§§#####...).[# ≈ §≈≈§≈≈≈≈####(.<# ~~ ~~~~~~≈≈≈≈##..# ~♣~~~♣~♣~~~~≈≈##.# #~~~~~#~#~~~~≈≈#.# ~♣~~~♣E♣~~♣~~~≈### ~~~~Eb@†~#~#~~≈⌠# ~8~HE8~~~~♣~~~~♣ ## ~#'''#~~~~~~#''# #. #'''####~~~#~~♣# #. #~~ ###~##)~# #. ~~~~ ###8~## #. ~C~ #~~8# #. ##~~# #. #8~## ####. Turn 62404 on Depths:3: caustic shrike too #.# #####' ### #.######..... .... #......'..... ### #.#.###.#####..[.. #.. #.#...#.# #..... #.###.###.#.# #..... #.#.....#...# #..... #.#######.#.# #..... ##.~≈≈@≈≈~...# #..... #..#######.### #..... #..#.....#.# #..... #..###.###.# ####'# #....#.#...# #.# #.#..#.#..## #.# ##...)..(..# #.# ....'.......# #.# ..####.......# #.. Turn 64052 on Depths:4: What is this vault called? #.. #... #qd.. #...q. ##....q ##..d# #.@.# #....# #.D....# #...#...# ...###..# ..# #... .# ##.. Turn 64690 on Zot:1: Gossamer + Silver + Abyssal ### ### #.## #@#### ##.### ##.#.## ##[.## ##...## ###....## #....# ........### #..### ..........## #..# ########...## #..# ###..## #..# ##..### #..# Turn 66193 on Zot:1: Aside from the welcoming party, this wasn't too bad for Zot:1. Mostly draconians, dragons, and occasional death cob. **,*** ***,###......# #### *,,,*** *,* #......# #... *****,,,*###*#.# #......# #.## *,,,,,,,,,p.,#.# #......# #<## *,,,,,,,,,...#.# #......# #... *,,,,,,,,,...#.# #..(...####### *,,,,,,,,,...'.########....# *,,,,,,,,,,,,#.....## #....### *,,,,,,,,,,,,#@###..###......## *,,,,,,,,,,,,#..).#.##.......+. *,,,,,,,,,,,,####.#.##.##....## *,,,,,,,,,,,,* #.#.##......#.. ************** #.#..######.#.# ########...........#.. #........##..####..... ########)#####.####..###.#..# #......#.))).#.........#...## Turn 67131 on Zot:2: Killer Klown with +12 club of distortion in west. ,,,,,,,,,,,,,,,,,,,,,* ,,*,,,********,,*,*,** ,,,,,,,,,,,<....,,,,*** ,,,,,,,,,,.,,...*,,,,,* ,,*,*,*****.##..***,*** ,,,,*,,,,,,,....,,,,* *,*,*,****#.##..***,* ,,,,,,,,,,......##*,* *,,,,,,,,,...$..@#*,* ,,*******,..##..##*,* *,* ***,*#..* *,* *,* *,*#..* *,* *** ***###* *** Turn 68211 on Zot:4: There is a massive fortress in the west.

.###...########...###...#≈≈≈≈~...
........................#≈≈≈≈~...
........................#≈≈≈≈~...
.###..............###...#≈≈≈~~...
.# #..............# #...#≈≈≈≈~...
.# #..............# #...#≈≈≈≈~...
.# #..............# #...#≈≈≈≈~...
.# #..............# #...#≈≈≈≈~...
.# #............@.# #.[.#≈≈≈≈~...
.# #######..####### #...#≈≈≈≈~...
?# #..# #...#≈≈≈≈~...
.#########..#########...#≈≈≈~~...
........................####≈~..#
....[............†........†#≈~...
...........................#≈~...
######################.....#≈~..#
#≈≈≈≈≈≈≈≈≈≈≈≈≈≈≈≈≈≈≈≈#.....#≈~...


Turn 70070 on Zot:4: Fortress isn't too scary. Contains electric dragons, ghost
moth, titans, moths of wrath, and death cob. ≈≈≈#...# ##### ##### #...#≈≈
≈≈≈#...# #.).# #.|.# #...#≈≈ ≈≈≈#...# #...# #...# #...#≈≈ ≈≈≈#...# #...# #...#
#...#≈≈ ≈≈≈#...# #...# #...# #...#≈≈ ≈≈≈#...# #...# #...# #...#≈≈
≈≈≈#...###...########...###...#≈≈ ≈≈≈#..........................#≈≈
≈≈≈#"...........@.............#≈≈ ≈≈≈#...###..............###...#≈≈ ≈≈≈#...#
#..............# #...#≈≈ ≈≈≈#...# #..............# #...#≈≈ ≈≈≈#...#
#..............# #...#≈≈ ≈≈≈#...# #..............# #...#≈≈ ≈≈≈#.†.#
#..............# #.[.#≈≈ ≈≈≈#...# #######..####### #...#≈≈ ≈≈≈#..?# #..# #...#≈≈
Turn 70076 on Zot:4: I was stealthy enough to stab most of them. B) ############
############## ...........# #.@..........## ...........# #.............##
############ ############...## ##...## ##...## #### ################### ##....#
...# #.................###...... ...# #..................#...##.. .###
#######..########.....####. Turn 70754 on Zot:3: This floor didn't seem too bad.
Draconians and dragons, oh my. #...)####....####.# ##.#+##.......####.#
#.....##...........# #.#...#.####......!.. #.#...# ####.#.####.. # #.8.#
#....#...##.. #...# ######...##.# #...#.######...##.# #.#@..# #...#.####.#
###+### #......# #.# #####..# ##.# ### .# .. .# Turn 81381 on Crypt:1: manual of
dodging #.∩∩.# #....# ##..## #..# #..# ##''## #..".# #..)=# #.[.@# #!/!?# ######
Turn 85939 on Trove: Finally. Some good boots. ≈.≈≈≈≈ ≈..... ≈≈≈≈ ≈..≈≈. ≈.≈..
≈..≈# #≈..≈ ≈..≈# ##..≈#####≈..≈# #≈..≈≈≈≈≈≈≈..≈# ≈......∩.....≈##
#≈≈..≈@≈≈≈≈≈...≈ ###≈.≈#######≈.. #≈.> .. ##≈. . ##. ≈. .. Turn 87984 on Coc:1:
Stairs just a few steps away! Simulacra and nargun to the right.
##≈≈...##...≈~≈... ##≈≈..####...~~.. #≈≈∩.# ##...~~. ##≈..# ###..≈≈ #≈≈..##
##..≈ ##≈≈≈..# ##.. ####≈≈≈≈..# ###.. ###≈..≈≈≈≈..## ###....
#≈≈≈.@.≈≈≈≈..###...... #≈≈......≈≈.........≈≈ #≈........≈≈......≈≈≈≈
#≈..#......≈≈≈~≈≈≈≈≈≈≈ #≈..##.....≈≈≈~≈≈≈≈≈≈. #...###....≈...≈≈≈≈≈≈≈ #.>##
##...~....≈≈≈≈≈≈ #≈.## #..~≈.....≈≈≈≈≈ ##..####..≈≈.....≈≈≈≈≈ Turn 88721 on
Coc:2: Stairs southwest of entrance, but wendigo and fiend would be in the way.
This floor has a variety of nasties. ...91≈ ...≈≈≈ ..≈≈≈≈ ##...≈≈≈ #...≈≈≈≈
#..≈≈≈≈≈ #@≈≈≈≈≈# ##≈≈≈≈≈≈ ≈≈≈≈≈≈ ≈≈.≈#≈ ≈..≈≈≈ ≈≈.>≈≈ ≈.≈≈≈≈ Turn 88729 on
Coc:3: Another quick floor, but beware of nearby enemies! #≈≈≈≈.≈≈..≈≈###≈≈#
##≈≈≈≈≈...≈≈###≈≈≈## ###≈≈≈≈≈≈≈.≈≈##≈≈≈≈≈≈### ##≈≈≈≈≈≈≈≈≈.>≈≈≈≈≈..≈≈≈≈###
###≈≈≈≈≈≈≈≈≈≈.^≈≈≈...≈≈≈≈≈≈≈## ≈#≈≈≈≈≈≈≈≈≈≈≈..≈....≈###≈≈≈≈≈#
#≈≈≈≈≈≈≈≈≈≈≈≈......≈≈# ####≈≈# ##≈≈≈≈≈≈≈≈≈≈≈.^....≈## #### #≈≈≈≈≈≈≈≈≈≈≈...@.≈≈#
##≈≈≈≈≈≈≈≈≈.....≈≈≈# ##≈≈≈≈≈≈≈≈..≈....≈### ### ##≈≈≈≈≈≈≈...≈≈≈≈..^≈≈## #≈#
≈≈##≈≈≈...≈≈####≈≈...≈#####≈# #####≈≈≈.≈### ###≈≈..≈≈##≈≈# ##≈≈.≈# ###≈≈≈≈≈≈###
#≈†.≈# ###≈≈≈≈# ##≈.≈# #≈≈)≈≈# Turn 89106 on Coc:4: This floor has nearby steps
again, but a jamboree surrounding and an alarm trap adjacent to stairs and
enemies. Be careful! ### #≈## ##.# #≈≈## # ##.## ##≈≈≈### ## ## ##.##
#≈≈≈≈≈≈#### ##≈ .## ##.## ##≈≈≈≈≈≈≈≈≈#### #≈≈ #.###.## #≈≈≈≈≈....≈≈≈≈####≈≈
##.#.## ##≈≈≈.....^.≈≈≈≈≈≈≈≈ ##.## ##.....###....≈≈≈≈≈ ##.######## #.@..###
##..≈≈≈≈≈≈ ##≈≈≈≈##≈###.^.## #..≈≈≈≈≈≈ ##≈..≈≈≈≈≈≈...## ##..≈≈≈≈≈≈
##≈......≈≈....# #...≈≈≈.≈# #≈≈.......≈...## #...≈≈.... #≈≈.......≈≈..#
###..≈≈..... ##≈≈.......≈..######..∩.≈..###. ##≈.......≈≈..........≈≈.## #.
#≈........≈......≈~~~≈..# #. Turn 90647 on Coc:6: Stairs northeast of entrance;
use digging wand, probably.

Levels and vault maps discovered:
D:1:      nzn_arrival_crosshair, layout_rooms
D:2:      layout_basic, kennysheep_another_room, kennysheep_generic_room_16,
          uniq_terence
D:3:      layout_rooms, uniq_ijyb, uniq_jessica
D:4:      layout_basic, uniq_edmund
D:5:      layout_basic, minmay_temple_entry_overgrown, gup_sewer_entry_bubbles,
          serial_shops, nicolae_shop_trees, nicolae_shop_pleasant_corner_grove,
          uniq_eustachio, uniq_pikel
D:6:      nicolae_cairo_tiling_large_dashed, layout_cave_pools,
          minmay_small_thing, uniq_maggie
D:7:      layout_loops_corners, serial_rivers, chequers_serial_rivers_small_b,
          chequers_serial_rivers_micro_b, chequers_serial_rivers_marsh,
          chequers_serial_rivers_micro_b, chequers_serial_rivers_micro_e,
          uniq_menkaure
D:8:      layout_cave_pools, due_lair_maze_entry_diamond,
          gammafunk_ghost_nasty_kobolds, uniq_erica
D:9:      layout_layer_cave, serial_shops, shop, serial_nicolae_subway,
          nicolae_sub_station_metal, nicolae_sub_station_stone,
          nicolae_sub_station_crystal
D:10:     layout_basic, mainiacjoe_overflow_catwalk, serial_glass,
          glass_columns_c, glass_columns_b
D:11:     layout_long_grid, zin_academy, uniq_sonja
D:12:     layout_rooms, david_orc_5, nicolae_trove_entry_crossroad,
          kb_tengu_band
D:13:     layout_irregular_city, uniq_erolcha
D:14:     layout_stronghold, hangedman_vaults_entry_quadrant_bands,
          nicolae_qazlal_scattered_showers
D:15:     hangedman_depths_entry_try_elsewhere_first, layout_loops_ring,
          nicolae_ashenzari_panopticon
Temple:   mainiacjoe_temple_trianglar_array
Lair:1:   layout_regular_city, lemuel_fruit_fields
Lair:2:   wander_river, layout_gridlike, spider_nest_entry_webs,
          portal_ice_cave_entry_ice_simulacra, patterned_corridor
Lair:3:   layout_small_grid, minmay_shoals_entry_beasts,
          kennysheep_abandoned_house
Lair:4:   layout_regular_city, basic_altar, kennysheep_rathole,
          infiniplex_staircase_pool, uniq_josephine
Lair:5:   minmay_lair_end_frog_pond, layout_regular_city, slime_entry_1,
          nicolae_lair_lindhole
Shoals:1: layout_shoals, serial_shops, bzr_entry_lakeside,
          ebering_ghost_rock_garden, uniq_roxanne
Shoals:2: layout_shoals
Shoals:3: layout_shoals, uniq_polyphemus, uniq_bai_suzhen
Shoals:4: shoals_end_hellmonk_lost_city, uniq_louise
Spider:1: layout_cave_pods
Spider:2: layout_spider_delve, gammafunk_ghost_arena
Spider:3: layout_spider_delve, drop_trap, nicolae_spider_scorpion_nest,
          uniq_arachne
Spider:4: grunt_spider_rune_circles, uniq_mara
Slime:1:  layout_caves
Slime:2:  layout_caves
Slime:3:  layout_caves, nicolae_slime_barrier
Slime:4:  layout_caves, amcnicky_altar_lugonu_corruption
Slime:5
Orc:1:    layout_caves, statue_in_the_mist_lemuel
Orc:2:    st_orc_rangers, layout_caves, minmay_orc_barracks, uniq_nessos
Elf:1:    nicolae_elf_arrival_aired_out, layout_geoelf_grid, serial_shops,
          bzr_entry_road, minmay_elf_sorcery, minivault_24
Elf:2:    nicolae_elf_blades_splatter_lattice
          [nicolae_vaults_blade_armed_guards], layout_geoelf_octagon,
          serial_shops, shop
Elf:3:    minmay_elf_hall_dome, layout_geoelf_octagon, serial_shops,
          nicolae_shop_mannequins, grunt_ministairs_4
Vaults:1: nicolae_vaults_double_plus_1, ontoclasm_vaults_hangar,
          nicolae_vaults_sightless_eye, emtedronai_trogs_sanctum,
          nicolae_vaults_closet_pinwheel_3, v_misc_27,
          nicolae_vaults_sesquioval_fish, nicolae_vaults_network_star,
          ontoclasm_vaults_misaligned, v_misc_12, nicolae_vaults_little_ls,
          nicolae_vaults_trapezoid_2, nicolae_vaults_hallways_thing,
          layout_vaults_omnibox
Vaults:2: nicolae_vaults_an_arrangement, nicolae_vaults_diagonal_hallway_9,
          nicolae_vaults_closet_pinwheel_1, nicolae_vaults_tetromino_T_2,
          grunt_vaults_swirl, hangedman_vaults_variations, vaults_dpeg_spiral,
          v_misc_8, nicolae_vaults_mitosis, nicolae_vaults_network_quinsquares
          [nicolae_vaults_network_quincunx_subvault,
          nicolae_vaults_network_quincunx_subvault,
          nicolae_vaults_network_quincunx_subvault,
          nicolae_vaults_network_quincunx_subvault], v_misc_26,
          nicolae_vaults_trapezoid_lopsided_1, nicolae_vaults_house_1,
          nicolae_vaults_house_3, layout_vaults_maze
Vaults:3: gammafunk_sealed_arena, ontoclasm_vaults_ligature,
          minmay_crypt_entry_simple_plaza, v_misc_2,
          nicolae_vaults_closet_pinwheel_1, nicolae_vaults_sealed_display,
          grunt_vaults_focal, nicolae_vaults_little_squares_3,
          nicolae_vaults_surprise_closet, nicolae_vaults_border_crossing,
          layout_vaults_quadrants, serial_shops, bzr_entry_safe
Vaults:4: nicolae_vaults_trapezoid_1, nicolae_vaults_closet_pinwheel_4,
          nicolae_vaults_specimen_jars, vaults_room_boxed,
          nicolae_vaults_heart-shaped_vault, nicolae_vaults_ellipses_ellipsis,
          v_misc_2, nicolae_vaults_more_shelving_1,
          nicolae_vaults_tetromino_L_1, vaults_dpeg_diagonal, vaults_room_pools,
          nicolae_vaults_little_squares_1, layout_vaults_big_room, uniq_mennas,
          uniq_sojobo, uniq_boris, uniq_aizul
Vaults:5: uniq_margery
Crypt:1:  layout_misc_corridors, grunt_megastairs_1
Crypt:2:  gammafunk_the_bubble [the_bubble_gammafunk_grid], layout_chaotic_city,
          uniq_grunn
Crypt:3:  due_elkab, layout_chaotic_city, tomb_entry_simple_bobbens,
          st_stairs_14, grunt_ministairs_2, nicolae_crypt_knee_deep_in_the_dead
Depths:1: layout_twisted_cross, hangedman_geh_valley, rand_demon_pan_entry_3,
          abyss_entry, kiku_gazebo_pond_becter, roderic_lattice_a,
          worldfamousw_hep_ancestral_shrine, minmay_shop_grove, uniq_saint_roka
Depths:2: minmay_the_grid_octo_tiled_octocenter_mashed
          [minmay_the_grid_octo_checkered, minmay_the_grid_octo_shrine,
          minmay_the_grid_octo_horde, minmay_the_grid_octo_fan_narrow,
          minmay_the_grid_octo_prize_big_c, minmay_the_grid_square_5x5_v,
          minmay_the_grid_square_5x5_six_small,
          minmay_the_grid_square_5x5_eight, minmay_the_grid_square_5x5_longway],
          layout_gridlike, abyss_entry_small_statue_room, serial_shops, shop,
          cheibriados_altar_1, grunt_metal_band, rand_demon_pan_entry_8,
          infiniplex_staircase_zigzag_1
Depths:3: gammafunk_depths_water_palace, layout_gridlike, eino_curves_04,
          hell_entry, abyss_entry, dancing_weapons_uskayaw,
          infiniplex_staircase_star
Depths:4: grunt_zot_entry_alcove, layout_gridlike, enter_ziggurat_e, hell_entry,
          grunt_decor_cap, grunt_megastairs_3
Hell
Coc:1:    layout_cocytus_water_paths
Coc:2:    layout_ice_bergs
Coc:3:    layout_cocytus_delve
Coc:4:    layout_cocytus_water_paths
Coc:5:    layout_ice_bergs
Coc:6:    layout_ice_bergs
Coc:7:    coc_dpeg
Zot:1:    layout_cathedral_of_symmetry, grunt_megastairs_2, uniq_josephina
Zot:2:    layout_basic
Zot:3:    layout_concentric_octagons
Zot:4:    minmay_elemental_castle, layout_basic
Zot:5:    layout_basic

Skill      XL: |  1  2  3  4  5  6  7  8  9 10 11 12 13 14 15 16 17 18 19 20 21 22 23 24 25 26 27 |
---------------+----------------------------------------------------------------------------------+-----
Long Blades    | 4 5 6 8 10 12 13 14 16 18 20 22 | 22.7
Stealth        | 1 3 5 6 8 12 13 17 18 24 | 24.7
Dodging        | 5 6 7 8 9 10 13 15 17 19 20 21 22 23 24 27 | 27.0
Shields        | 1 2 3 5 8 10 11 12 15 | 15.0
Evocations     | 2 4 6 7 8 9 11 12 13 14 15 | 15.0
Fighting       | 4 5 7 8 10 11 12 13 15 17 18 19 20 21 22 23 24 25 | 25.5
Armour         | 2 3 4 6 7 11 12 13 | 13.0
Invocations    | 3 5 6 |  6.0
Throwing       | 4 6 8 9 10 12 13 15 | 15.8
Short Blades   | 3 18 | 18.4
Translocations | 3 6 8 14 | 14.7

Action                     |  1- 3 |  4- 6 |  7- 9 | 10-12 | 13-15 | 16-18 | 19-21 | 22-24 | 25-27 || total
---------------------------+-------+-------+-------+-------+-------+-------+-------+-------+-------++-------
  Melee: Long sword        |    67 |   113 |   328 |   145 |       |       |       |       |       ||   653
         Dagger            |       |     8 |       |       |       |       |       |       |       ||     8
         Unarmed           |       |     5 |       |       |       |       |       |       |       ||     5
         Rapier            |       |       |    87 |       |       |   458 |   702 |   950 |  2425 ||  4622
         Tailslap          |       |       |    11 |    24 |    39 |   107 |    38 |    49 |   282 ||   550
         Scimitar          |       |       |       |   380 |   865 |   932 |   852 |  1354 |  2275 ||  6658
         Falchion          |       |       |       |       |       |       |       |       |  1082 ||  1082
  Throw: Throwing net      |     4 |     1 |       |       |       |     2 |     1 |     4 |       ||    12
         Javelin           |     1 |     1 |     1 |     4 |       |       |       |     3 |     2 ||    12
         Dart              |     1 |    12 |    13 |    23 |    14 |     1 |     9 |     9 |     8 ||    90
         Stone             |       |       |     8 |    12 |    27 |    25 |    40 |       |       ||   112
         Boomerang         |       |       |       |       |       |       |    25 |   198 |   239 ||   462
   Cast: Blink             |       |       |       |       |       |       |       |       |     9 ||     9
         Teleport Other    |       |       |       |       |       |       |       |       |     1 ||     1
 Invoke: Shadow Step       |       |       |       |       |     1 |       |    23 |    15 |     9 ||    48
Ability: Evoke Blink       |       |       |       |       |       |       |       |       |     1 ||     1
  Evoke: Wand              |       |     4 |     1 |       |     3 |    11 |     1 |    10 |    13 ||    43
         Lightning rod     |       |       |       |       |       |     2 |     9 |     5 |     5 ||    21
         Phial of floods   |       |       |       |       |       |     2 |     1 |     3 |       ||     6
         Tin of tremorston |       |       |       |       |       |       |     2 |     2 |       ||     4
         Box of beasts     |       |       |       |       |       |       |     1 |     2 |     2 ||     5
         Horn of Geryon    |       |       |       |       |       |       |       |     1 |     1 ||     2
         Phantom mirror    |       |       |       |       |       |       |       |       |     1 ||     1
    Use: Scroll            |     3 |     2 |    10 |    15 |     4 |    13 |    24 |    26 |    49 ||   146
         Potion            |       |       |     4 |     2 |     1 |     2 |     9 |    28 |    19 ||    65
   Stab: Sleeping          |     4 |     4 |    21 |    17 |    32 |    54 |   135 |    42 |   167 ||   476
         Distracted        |       |       |     1 |     2 |     2 |    11 |     8 |     9 |    76 ||   109
         Held in net/web   |       |       |       |       |       |     3 |     3 |     2 |       ||     8
         Petrifying        |       |       |       |       |       |     2 |       |       |       ||     2
         Petrified         |       |       |       |       |       |     2 |       |       |       ||     2
         Invisible         |       |       |       |       |       |       |    12 |     2 |       ||    14
         Betrayed ally     |       |       |       |       |       |       |       |       |     1 ||     1
 Armour: Leather armour    |    16 |    27 |    46 |       |       |       |       |       |       ||    89
         Skin              |       |     4 |    39 |       |       |       |       |       |       ||    43
         Steam dragon scal |       |       |    18 |    58 |    60 |       |       |       |       ||   136
         Chain mail        |       |       |       |    28 |       |       |       |       |       ||    28
         Troll leather arm |       |       |       |       |     3 |    99 |   198 |       |       ||   300
         Swamp dragon scal |       |       |       |       |       |       |    12 |   444 |   254 ||   710
         Ring mail         |       |       |       |       |       |       |       |       |   422 ||   422
  Dodge: Dodged            |    43 |    67 |   229 |   222 |   402 |  1075 |  1372 |  1943 |  4987 || 10340
  Block: Buckler           |       |    33 |    96 |       |    76 |   825 |  1004 |  1389 |  3200 ||  6623
         Kite shield       |       |       |    84 |   354 |   591 |       |       |       |       ||  1029
